Workbook

Sheet Growth Plan & Statistics
A1: Statistics | K1: Growth Plan
A2: Trades | B2: =COUNT('Daily Fills'!I:I) -> 58 | D2: Trades/Day | E2: =B2/COUNT(N20:N1002) -> 5.2727273 | G2: Profits | H2: =SUMIF('Daily Fills'!I:I,">"&0) -> 23625.36 | K2: Month | L2: Balance | M2: Size | N2: Date | O2: Month | P2: Balance | Q2: Size | R2: Date
A3: Win | B3: =COUNTIF('Daily Fills'!I:I,">0") -> 44 | D3: Average Win $ | E3: =AVERAGEIF('Daily Fills'!I:I,">"&0) -> 536.94 | G3: Losses | H3: =SUMIF('Daily Fills'!I:I,"<"&0) -> -12608.55 | K3: 1 | L3: =VLOOKUP(K3,$C$20:$J$883,7,1) -> 72920.81 | M3: =VLOOKUP(K3,$C$20:$J$883,4,1) -> 14.3 | N3: =VLOOKUP(K3,$C$20:$J$883,2,1) -> 41810 | O3: 12 | P3: =VLOOKUP(O3,$C$20:$J$2009,7,1) -> 1817775.8 | Q3: =VLOOKUP(O3,$C$20:$J$883,4,1) -> 100 | R3: =VLOOKUP(O3,$C$20:$J$883,2,1) -> 42144
A4: Loss | B4: =B2-B3 -> 14 | D4: Average Loss $ | E4: =AVERAGEIF('Daily Fills'!I:I,"<"&0) -> -900.61071 | G4: NET Profit | H4: =SUM(H2:H3) -> 11016.81 | K4: 2 | L4: =VLOOKUP(K4,$C$20:$J$883,7,1) -> 110523.81 | M4: =VLOOKUP(K4,$C$20:$J$883,4,1) -> 21.67 | N4: =VLOOKUP(K4,$C$20:$J$883,2,1) -> 41840 | O4: 15 | P4: =VLOOKUP(O4,$C$20:$J$2009,7,1) -> 2447775.8 | Q4: =VLOOKUP(O4,$C$20:$J$883,4,1) -> 100 | R4: =VLOOKUP(O4,$C$20:$J$883,2,1) -> 42236
A5: Win Rate | B5: =B3/B2 -> 0.75862069 | D5: NET W:L | E5: =E3/ABS(E4) -> 0.59619544 | G5: Profit Factor | H5: =H2/ABS(H3) -> 1.8737571 | K5: 3 | L5: =VLOOKUP(K5,$C$20:$J$883,7,1) -> 167517.81 | M5: =VLOOKUP(K5,$C$20:$J$883,4,1) -> 32.85 | N5: =VLOOKUP(K5,$C$20:$J$883,2,1) -> 41871 | O5: 18 | P5: =VLOOKUP(O5,$C$20:$J$2009,7,1) -> 3067775.8 | Q5: =VLOOKUP(O5,$C$20:$J$883,4,1) -> 100 | R5: =VLOOKUP(O5,$C$20:$J$883,2,1) -> 42328
K6: 4 | L6: =VLOOKUP(K6,$C$20:$J$883,7,1) -> 253898.81 | M6: =VLOOKUP(K6,$C$20:$J$883,4,1) -> 49.78 | N6: =VLOOKUP(K6,$C$20:$J$883,2,1) -> 41902 | O6: 21 | P6: =VLOOKUP(O6,$C$20:$J$2009,7,1) -> 3697775.8 | Q6: =VLOOKUP(O6,$C$20:$J$883,4,1) -> 100 | R6: =VLOOKUP(O6,$C$20:$J$883,2,1) -> 42420
B7: Per Trade | C7: Per Day | G7: Trades within Plan | H7: =COUNTIF('Daily Fills'!J:J,"Y") -> 43 | K7: 5 | L7: =VLOOKUP(K7,$C$20:$J$883,7,1) -> 384828.81 | M7: =VLOOKUP(K7,$C$20:$J$883,4,1) -> 75.46 | N7: =VLOOKUP(K7,$C$20:$J$883,2,1) -> 41932 | O7: 24 | P7: =VLOOKUP(O7,$C$20:$J$2009,7,1) -> 4317775.8 | Q7: =VLOOKUP(O7,$C$20:$J$883,4,1) -> 100 | R7: =VLOOKUP(O7,$C$20:$J$883,2,1) -> 42510
A8: Net Expectancy (Pips) | B8: =B5*E3+(1-B5)*E4 -> 189.945 | C8: =AVERAGE(Q20:Q20002) -> 1001.5282 | G8: Trades not within Plan | H8: =COUNTIF('Daily Fills'!J:J,"N") -> 15 | K8: 6 | L8: =VLOOKUP(K8,$C$20:$J$883,7,1) -> 567775.81 | M8: =VLOOKUP(K8,$C$20:$J$883,4,1) -> 100 | N8: =VLOOKUP(K8,$C$20:$J$883,2,1) -> 41963 | O8: 36 | P8: =VLOOKUP(O8,$C$20:$J$2009,7,1) -> 6817775.8 | Q8: =VLOOKUP(O8,$C$20:$J$883,4,1) -> 100 | R8: =VLOOKUP(O8,$C$20:$J$883,2,1) -> 42875
G9: Discipline % | H9: =H7/SUM(H7:H8) -> 0.74137931 | K9: 9 | L9: =VLOOKUP(K9,$C$20:$J$883,7,1) -> 1197775.8 | M9: =VLOOKUP(K9,$C$20:$J$883,4,1) -> 100 | N9: =VLOOKUP(K9,$C$20:$J$883,2,1) -> 42055 | O9: 48 | P9: =VLOOKUP(O9,$C$20:$J$2009,7,1) -> 9317775.8 | Q9: =VLOOKUP(O9,$C$20:$J$883,4,1) -> 100 | R9: =VLOOKUP(O9,$C$20:$J$883,2,1) -> 43059
A10: Projection and Tracker | B10: -------> | C10: Base Trade Size On: | E10: Risk%
C11: Sizing Based on Margin | G11: Sizing Based on Risk
A12: Daily Goal (pips) | B12: 10 | D12: Percent of Margin to Use | E12: 0.5 | H12: Stop Size (pips) | I12: 10
A13: % Days Goal Achieved | B13: 1 | D13: Leverage Available | E13: 100 | H13: Risk per Trade | I13: 0.02
A14: Max Lots | B14: 100 | D14: Effective Leverage | E14: =E12*E13 -> 50
M15: DATE-FORMAT PROB
A18: Day | B18: Week | C18: Month | E18: Balance | F18: Lots | G18: Daily Pip Goal | H18: Net P/L ($) | I18: End Balance | J18: Cumulative Profits | K18: Daily Return | L18: Profit Factor | M18: Actual Date | N18: Gross Profit | O18: Volume(M) | P18: Commission | Q18: Net Profit | R18: LOTS
M19: 41795
A20: 1 | B20: =ROUNDUP(A20/5,0) -> 1 | C20: =ROUNDUP(A20/20.83333333,0) -> 1 | D20: =M19 | E20: 50000 | F20: =MIN($B$14,IF(SizeCalc="margin",E20*$E$13*$E$12/100000,E20*$I$13/$I$12/10)) -> 10 | G20: =$B$12*$B$13*1 -> 10 | H20: =IF(Q20="",G20*F20*10,Q20) -> -103.22 | I20: =E20+H20 -> 49896.78 | J20: =I20-E20 -> -103.22 | K20: =H20/E20 -> -0.0020644 | M20: 41796 | N20: =IF(M20="","",SUMIF('Daily Fills'!A:A,'Growth Plan & Statistics'!M20,'Daily Fills'!G:G)) -> -109.27 | O20: =IF(M20="","",SUMIF('Daily Fills'!A:A,'Growth Plan & Statistics'!M20,'Daily Fills'!D:D)*2) -> 2 | P20: =IF(M20="","",SUMIF('Daily Fills'!A:A,'Growth Plan & Statistics'!M20,'Daily Fills'!H:H)) -> -6.05 | Q20: =IF(P20="","",N20-P20) -> -103.22 | R20: =IF(N20="","",F20) -> 10
A21: 2 | B21: =ROUNDUP(A21/5,0) -> 1 | C21: =ROUNDUP(A21/20.83333333,0) -> 1 | D21: =IF(M21="",IF(C21=C20,D20,EDATE(D20,1)),M21) | E21: =I20 -> 49896.78 | F21: =ROUND(MIN($B$14,IF(SizeCalc="margin",E21*$E$13*$E$12/100000,E21*$I$13/$I$12/10)),2) -> 9.98 | G21: =$B$12*$B$13 -> 10 | H21: =IF(Q21="",G21*F21*10,Q21) -> 71.44 | I21: =E21+H21 -> 49968.22 | J21: =J20+(I21-I20) -> -31.78 | K21: =H21/E21 -> 0.0014317557 | M21: 41799 | N21: =IF(M21="","",SUMIF('Daily Fills'!A:A,'Growth Plan & Statistics'!M21,'Daily Fills'!G:G)) -> 65.39 | O21: =IF(M21="","",SUMIF('Daily Fills'!A:A,'Growth Plan & Statistics'!M21,'Daily Fills'!D:D)*2) -> 2 | P21: =IF(M21="","",SUMIF('Daily Fills'!A:A,'Growth Plan & Statistics'!M21,'Daily Fills'!H:H)) -> -6.05 | Q21: =IF(P21="","",N21-P21) -> 71.44 | R21: =IF(N21="","",F21) -> 9.98
A22: 3 | B22: =ROUNDUP(A22/5,0) -> 1 | C22: =ROUNDUP(A22/20.83333333,0) -> 1 | D22: =IF(M22="",IF(C22=C21,D21,EDATE(D21,1)),M22) | E22: =I21 -> 49968.22 | F22: =ROUND(MIN($B$14,IF(SizeCalc="margin",E22*$E$13*$E$12/100000,E22*$I$13/$I$12/10)),2) -> 9.99 | G22: =$B$12*$B$13 -> 10 | H22: =IF(Q22="",G22*F22*10,Q22) -> -122.58 | I22: =E22+H22 -> 49845.64 | J22: =J21+(I22-I21) -> -154.36 | K22: =H22/E22 -> -0.0024531592 | M22: 41800 | N22: =IF(M22="","",SUMIF('Daily Fills'!A:A,'Growth Plan & Statistics'!M22,'Daily Fills'!G:G)) -> -238.66 | O22: =IF(M22="","",SUMIF('Daily Fills'!A:A,'Growth Plan & Statistics'!M22,'Daily Fills'!D:D)*2) -> 42.8 | P22: =IF(M22="","",SUMIF('Daily Fills'!A:A,'Growth Plan & Statistics'!M22,'Daily Fills'!H:H)) -> -116.08 | Q22: =IF(P22="","",N22-P22) -> -122.58 | R22: =IF(N22="","",F22) -> 9.99
A23: 4 | B23: =ROUNDUP(A23/5,0) -> 1 | C23: =ROUNDUP(A23/20.83333333,0) -> 1 | D23: =IF(M23="",IF(C23=C22,D22,EDATE(D22,1)),M23) | E23: =I22 -> 49845.64 | F23: =ROUND(MIN($B$14,IF(SizeCalc="margin",E23*$E$13*$E$12/100000,E23*$I$13/$I$12/10)),2) -> 9.97 | G23: =$B$12*$B$13 -> 10 | H23: =IF(Q23="",G23*F23*10,Q23) -> 3902.12 | I23: =E23+H23 -> 53747.76 | J23: =J22+(I23-I22) -> 3747.76 | K23: =H23/E23 -> 0.078284079 | M23: 41801 | N23: =IF(M23="","",SUMIF('Daily Fills'!A:A,'Growth Plan & Statistics'!M23,'Daily Fills'!G:G)) -> 3558.3 | O23: =IF(M23="","",SUMIF('Daily Fills'!A:A,'Growth Plan & Statistics'!M23,'Daily Fills'!D:D)*2) -> 126.08 | P23: =IF(M23="","",SUMIF('Daily Fills'!A:A,'Growth Plan & Statistics'!M23,'Daily Fills'!H:H)) -> -343.82 | Q23: =IF(P23="","",N23-P23) -> 3902.12 | R23: =IF(N23="","",F23) -> 9.97
A24: 5 | B24: =ROUNDUP(A24/5,0) -> 1 | C24: =ROUNDUP(A24/20.83333333,0) -> 1 | D24: =IF(M24="",IF(C24=C23,D23,EDATE(D23,1)),M24) | E24: =I23 -> 53747.76 | F24: =ROUND(MIN($B$14,IF(SizeCalc="margin",E24*$E$13*$E$12/100000,E24*$I$13/$I$12/10)),2) -> 10.75 | G24: =$B$12*$B$13 -> 10 | H24: =IF(Q24="",G24*F24*10,Q24) -> 3364.77 | I24: =E24+H24 -> 57112.53 | J24: =J23+(I24-I23) -> 7112.53 | K24: =H24/E24 -> 0.062602981 | M24: 41802 | N24: =IF(M24="","",SUMIF('Daily Fills'!A:A,'Growth Plan & Statistics'!M24,'Daily Fills'!G:G)) -> 2810.6 | O24: =IF(M24="","",SUMIF('Daily Fills'!A:A,'Growth Plan & Statistics'!M24,'Daily Fills'!D:D)*2) -> 222.08 | P24: =IF(M24="","",SUMIF('Daily Fills'!A:A,'Growth Plan & Statistics'!M24,'Daily Fills'!H:H)) -> -554.17 | Q24: =IF(P24="","",N24-P24) -> 3364.77 | R24: =IF(N24="","",F24) -> 10.75
A25: 6 | B25: =ROUNDUP(A25/5,0) -> 2 | C25: =ROUNDUP(A25/20.83333333,0) -> 1 | D25: =IF(M25="",IF(C25=C24,D24,EDATE(D24,1)),M25) | E25: =I24 -> 57112.53 | F25: =ROUND(MIN($B$14,IF(SizeCalc="margin",E25*$E$13*$E$12/100000,E25*$I$13/$I$12/10)),2) -> 11.42 | G25: =$B$12*$B$13 -> 10 | H25: =IF(Q25="",G25*F25*10,Q25) -> 1881.09 | I25: =E25+H25 -> 58993.62 | J25: =J24+(I25-I24) -> 8993.62 | K25: =H25/E25 -> 0.032936555 | M25: 41803 | N25: =IF(M25="","",SUMIF('Daily Fills'!A:A,'Growth Plan & Statistics'!M25,'Daily Fills'!G:G)) -> 1649.96 | O25: =IF(M25="","",SUMIF('Daily Fills'!A:A,'Growth Plan & Statistics'!M25,'Daily Fills'!D:D)*2) -> 94.88 | P25: =IF(M25="","",SUMIF('Daily Fills'!A:A,'Growth Plan & Statistics'!M25,'Daily Fills'!H:H)) -> -231.13 | Q25: =IF(P25="","",N25-P25) -> 1881.09 | R25: =IF(N25="","",F25) -> 11.42
A26: 7 | B26: =ROUNDUP(A26/5,0) -> 2 | C26: =ROUNDUP(A26/20.83333333,0) -> 1 | D26: =IF(M26="",IF(C26=C25,D25,EDATE(D25,1)),M26) | E26: =I25 -> 58993.62 | F26: =ROUND(MIN($B$14,IF(SizeCalc="margin",E26*$E$13*$E$12/100000,E26*$I$13/$I$12/10)),2) -> 11.8 | G26: =$B$12*$B$13 -> 10 | H26: =IF(Q26="",G26*F26*10,Q26) -> 1959.34 | I26: =E26+H26 -> 60952.96 | J26: =J25+(I26-I25) -> 10952.96 | K26: =H26/E26 -> 0.033212744 | M26: 41806 | N26: =IF(M26="","",SUMIF('Daily Fills'!A:A,'Growth Plan & Statistics'!M26,'Daily Fills'!G:G)) -> 1610.8 | O26: =IF(M26="","",SUMIF('Daily Fills'!A:A,'Growth Plan & Statistics'!M26,'Daily Fills'!D:D)*2) -> 131.32 | P26: =IF(M26="","",SUMIF('Daily Fills'!A:A,'Growth Plan & Statistics'!M26,'Daily Fills'!H:H)) -> -348.54 | Q26: =IF(P26="","",N26-P26) -> 1959.34 | R26: =IF(N26="","",F26) -> 11.8
A27: 8 | B27: =ROUNDUP(A27/5,0) -> 2 | C27: =ROUNDUP(A27/20.83333333,0) -> 1 | D27: =IF(M27="",IF(C27=C26,D26,EDATE(D26,1)),M27) | E27: =I26 -> 60952.96 | F27: =ROUND(MIN($B$14,IF(SizeCalc="margin",E27*$E$13*$E$12/100000,E27*$I$13/$I$12/10)),2) -> 12.19 | G27: =$B$12*$B$13 -> 10 | H27: =IF(Q27="",G27*F27*10,Q27) -> 93.67 | I27: =E27+H27 -> 61046.63 | J27: =J26+(I27-I26) -> 11046.63 | K27: =H27/E27 -> 0.0015367588 | M27: 41807 | N27: =IF(M27="","",SUMIF('Daily Fills'!A:A,'Growth Plan & Statistics'!M27,'Daily Fills'!G:G)) -> -154.63 | O27: =IF(M27="","",SUMIF('Daily Fills'!A:A,'Growth Plan & Statistics'!M27,'Daily Fills'!D:D)*2) -> 95.76 | P27: =IF(M27="","",SUMIF('Daily Fills'!A:A,'Growth Plan & Statistics'!M27,'Daily Fills'!H:H)) -> -248.3 | Q27: =IF(P27="","",N27-P27) -> 93.67 | R27: =IF(N27="","",F27) -> 12.19
A28: 9 | B28: =ROUNDUP(A28/5,0) -> 2 | C28: =ROUNDUP(A28/20.83333333,0) -> 1 | D28: =IF(M28="",IF(C28=C27,D27,EDATE(D27,1)),M28) | E28: =I27 -> 61046.63 | F28: =ROUND(MIN($B$14,IF(SizeCalc="margin",E28*$E$13*$E$12/100000,E28*$I$13/$I$12/10)),2) -> 12.21 | G28: =$B$12*$B$13 -> 10 | H28: =IF(Q28="",G28*F28*10,Q28) -> 2551.86 | I28: =E28+H28 -> 63598.49 | J28: =J27+(I28-I27) -> 13598.49 | K28: =H28/E28 -> 0.041801816 | M28: 41808 | N28: =IF(M28="","",SUMIF('Daily Fills'!A:A,'Growth Plan & Statistics'!M28,'Daily Fills'!G:G)) -> 1993.62 | O28: =IF(M28="","",SUMIF('Daily Fills'!A:A,'Growth Plan & Statistics'!M28,'Daily Fills'!D:D)*2) -> 217.02 | P28: =IF(M28="","",SUMIF('Daily Fills'!A:A,'Growth Plan & Statistics'!M28,'Daily Fills'!H:H)) -> -558.24 | Q28: =IF(P28="","",N28-P28) -> 2551.86 | R28: =IF(N28="","",F28) -> 12.21
A29: 10 | B29: =ROUNDUP(A29/5,0) -> 2 | C29: =ROUNDUP(A29/20.83333333,0) -> 1 | D29: =IF(M29="",IF(C29=C28,D28,EDATE(D28,1)),M29) | E29: =I28 -> 63598.49 | F29: =ROUND(MIN($B$14,IF(SizeCalc="margin",E29*$E$13*$E$12/100000,E29*$I$13/$I$12/10)),2) -> 12.72 | G29: =$B$12*$B$13 -> 10 | H29: =IF(Q29="",G29*F29*10,Q29) -> 51.11 | I29: =E29+H29 -> 63649.6 | J29: =J28+(I29-I28) -> 13649.6 | K29: =H29/E29 -> 0.00080363543 | M29: 41809 | N29: =IF(M29="","",SUMIF('Daily Fills'!A:A,'Growth Plan & Statistics'!M29,'Daily Fills'!G:G)) -> -473.02 | O29: =IF(M29="","",SUMIF('Daily Fills'!A:A,'Growth Plan & Statistics'!M29,'Daily Fills'!D:D)*2) -> 195.9 | P29: =IF(M29="","",SUMIF('Daily Fills'!A:A,'Growth Plan & Statistics'!M29,'Daily Fills'!H:H)) -> -524.13 | Q29: =IF(P29="","",N29-P29) -> 51.11 | R29: =IF(N29="","",F29) -> 12.72
A30: 11 | B30: =ROUNDUP(A30/5,0) -> 3 | C30: =ROUNDUP(A30/20.83333333,0) -> 1 | D30: =IF(M30="",IF(C30=C29,D29,EDATE(D29,1)),M30) | E30: =I29 -> 63649.6 | F30: =ROUND(MIN($B$14,IF(SizeCalc="margin",E30*$E$13*$E$12/100000,E30*$I$13/$I$12/10)),2) -> 12.73 | G30: =$B$12*$B$13 -> 10 | H30: =IF(Q30="",G30*F30*10,Q30) -> -2632.79 | I30: =E30+H30 -> 61016.81 | J30: =J29+(I30-I29) -> 11016.81 | K30: =H30/E30 -> -0.041363811 | M30: 41810 | N30: =IF(M30="","",SUMIF('Daily Fills'!A:A,'Growth Plan & Statistics'!M30,'Daily Fills'!G:G)) -> -2878 | O30: =IF(M30="","",SUMIF('Daily Fills'!A:A,'Growth Plan & Statistics'!M30,'Daily Fills'!D:D)*2) -> 94.22 | P30: =IF(M30="","",SUMIF('Daily Fills'!A:A,'Growth Plan & Statistics'!M30,'Daily Fills'!H:H)) -> -245.21 | Q30: =IF(P30="","",N30-P30) -> -2632.79 | R30: =IF(N30="","",F30) -> 12.73
A31: 12 | B31: =ROUNDUP(A31/5,0) -> 3 | C31: =ROUNDUP(A31/20.83333333,0) -> 1 | D31: =IF(M31="",IF(C31=C30,D30,EDATE(D30,1)),M31) | E31: =I30 -> 61016.81 | F31: =ROUND(MIN($B$14,IF(SizeCalc="margin",E31*$E$13*$E$12/100000,E31*$I$13/$I$12/10)),2) -> 12.2 | G31: =$B$12*$B$13 -> 10 | H31: =IF(Q31="",G31*F31*10,Q31) -> 1220 | I31: =E31+H31 -> 62236.81 | J31: =J30+(I31-I30) -> 12236.81 | K31: =H31/E31 -> 0.01999449 | N31: =IF(M31="","",SUMIF('Daily Fills'!A:A,'Growth Plan & Statistics'!M31,'Daily Fills'!G:G)) | O31: =IF(M31="","",SUMIF('Daily Fills'!A:A,'Growth Plan & Statistics'!M31,'Daily Fills'!D:D)*2) | P31: =IF(M31="","",SUMIF('Daily Fills'!A:A,'Growth Plan & Statistics'!M31,'Daily Fills'!H:H)) | Q31: =IF(P31="","",N31-P31) | R31: =IF(N31="","",F31)
A32: 13 | B32: =ROUNDUP(A32/5,0) -> 3 | C32: =ROUNDUP(A32/20.83333333,0) -> 1 | D32: =IF(M32="",IF(C32=C31,D31,EDATE(D31,1)),M32) | E32: =I31 -> 62236.81 | F32: =ROUND(MIN($B$14,IF(SizeCalc="margin",E32*$E$13*$E$12/100000,E32*$I$13/$I$12/10)),2) -> 12.45 | G32: =$B$12*$B$13 -> 10 | H32: =IF(Q32="",G32*F32*10,Q32) -> 1245 | I32: =E32+H32 -> 63481.81 | J32: =J31+(I32-I31) -> 13481.81 | K32: =H32/E32 -> 0.020004239 | N32: =IF(M32="","",SUMIF('Daily Fills'!A:A,'Growth Plan & Statistics'!M32,'Daily Fills'!G:G)) | O32: =IF(M32="","",SUMIF('Daily Fills'!A:A,'Growth Plan & Statistics'!M32,'Daily Fills'!D:D)*2) | P32: =IF(M32="","",SUMIF('Daily Fills'!A:A,'Growth Plan & Statistics'!M32,'Daily Fills'!H:H)) | Q32: =IF(P32="","",N32-P32) | R32: =IF(N32="","",F32)
A33: 14 | B33: =ROUNDUP(A33/5,0) -> 3 | C33: =ROUNDUP(A33/20.83333333,0) -> 1 | D33: =IF(M33="",IF(C33=C32,D32,EDATE(D32,1)),M33) | E33: =I32 -> 63481.81 | F33: =ROUND(MIN($B$14,IF(SizeCalc="margin",E33*$E$13*$E$12/100000,E33*$I$13/$I$12/10)),2) -> 12.7 | G33: =$B$12*$B$13 -> 10 | H33: =IF(Q33="",G33*F33*10,Q33) -> 1270 | I33: =E33+H33 -> 64751.81 | J33: =J32+(I33-I32) -> 14751.81 | K33: =H33/E33 -> 0.020005731 | N33: =IF(M33="","",SUMIF('Daily Fills'!A:A,'Growth Plan & Statistics'!M33,'Daily Fills'!G:G)) | O33: =IF(M33="","",SUMIF('Daily Fills'!A:A,'Growth Plan & Statistics'!M33,'Daily Fills'!D:D)*2) | P33: =IF(M33="","",SUMIF('Daily Fills'!A:A,'Growth Plan & Statistics'!M33,'Daily Fills'!H:H)) | Q33: =IF(P33="","",N33-P33) | R33: =IF(N33="","",F33)
A34: 15 | B34: =ROUNDUP(A34/5,0) -> 3 | C34: =ROUNDUP(A34/20.83333333,0) -> 1 | D34: =IF(M34="",IF(C34=C33,D33,EDATE(D33,1)),M34) | E34: =I33 -> 64751.81 | F34: =ROUND(MIN($B$14,IF(SizeCalc="margin",E34*$E$13*$E$12/100000,E34*$I$13/$I$12/10)),2) -> 12.95 | G34: =$B$12*$B$13 -> 10 | H34: =IF(Q34="",G34*F34*10,Q34) -> 1295 | I34: =E34+H34 -> 66046.81 | J34: =J33+(I34-I33) -> 16046.81 | K34: =H34/E34 -> 0.019999441 | N34: =IF(M34="","",SUMIF('Daily Fills'!A:A,'Growth Plan & Statistics'!M34,'Daily Fills'!G:G)) | O34: =IF(M34="","",SUMIF('Daily Fills'!A:A,'Growth Plan & Statistics'!M34,'Daily Fills'!D:D)*2) | P34: =IF(M34="","",SUMIF('Daily Fills'!A:A,'Growth Plan & Statistics'!M34,'Daily Fills'!H:H)) | Q34: =IF(P34="","",N34-P34) | R34: =IF(N34="","",F34)
A35: 16 | B35: =ROUNDUP(A35/5,0) -> 4 | C35: =ROUNDUP(A35/20.83333333,0) -> 1 | D35: =IF(M35="",IF(C35=C34,D34,EDATE(D34,1)),M35) | E35: =I34 -> 66046.81 | F35: =ROUND(MIN($B$14,IF(SizeCalc="margin",E35*$E$13*$E$12/100000,E35*$I$13/$I$12/10)),2) -> 13.21 | G35: =$B$12*$B$13 -> 10 | H35: =IF(Q35="",G35*F35*10,Q35) -> 1321 | I35: =E35+H35 -> 67367.81 | J35: =J34+(I35-I34) -> 17367.81 | K35: =H35/E35 -> 0.020000966 | N35: =IF(M35="","",SUMIF('Daily Fills'!A:A,'Growth Plan & Statistics'!M35,'Daily Fills'!G:G)) | O35: =IF(M35="","",SUMIF('Daily Fills'!A:A,'Growth Plan & Statistics'!M35,'Daily Fills'!D:D)*2) | P35: =IF(M35="","",SUMIF('Daily Fills'!A:A,'Growth Plan & Statistics'!M35,'Daily Fills'!H:H)) | Q35: =IF(P35="","",N35-P35) | R35: =IF(N35="","",F35)
A36: 17 | B36: =ROUNDUP(A36/5,0) -> 4 | C36: =ROUNDUP(A36/20.83333333,0) -> 1 | D36: =IF(M36="",IF(C36=C35,D35,EDATE(D35,1)),M36) | E36: =I35 -> 67367.81 | F36: =ROUND(MIN($B$14,IF(SizeCalc="margin",E36*$E$13*$E$12/100000,E36*$I$13/$I$12/10)),2) -> 13.47 | G36: =$B$12*$B$13 -> 10 | H36: =IF(Q36="",G36*F36*10,Q36) -> 1347 | I36: =E36+H36 -> 68714.81 | J36: =J35+(I36-I35) -> 18714.81 | K36: =H36/E36 -> 0.019994713 | N36: =IF(M36="","",SUMIF('Daily Fills'!A:A,'Growth Plan & Statistics'!M36,'Daily Fills'!G:G)) | O36: =IF(M36="","",SUMIF('Daily Fills'!A:A,'Growth Plan & Statistics'!M36,'Daily Fills'!D:D)*2) | P36: =IF(M36="","",SUMIF('Daily Fills'!A:A,'Growth Plan & Statistics'!M36,'Daily Fills'!H:H)) | Q36: =IF(P36="","",N36-P36) | R36: =IF(N36="","",F36)
A37: 18 | B37: =ROUNDUP(A37/5,0) -> 4 | C37: =ROUNDUP(A37/20.83333333,0) -> 1 | D37: =IF(M37="",IF(C37=C36,D36,EDATE(D36,1)),M37) | E37: =I36 -> 68714.81 | F37: =ROUND(MIN($B$14,IF(SizeCalc="margin",E37*$E$13*$E$12/100000,E37*$I$13/$I$12/10)),2) -> 13.74 | G37: =$B$12*$B$13 -> 10 | H37: =IF(Q37="",G37*F37*10,Q37) -> 1374 | I37: =E37+H37 -> 70088.81 | J37: =J36+(I37-I36) -> 20088.81 | K37: =H37/E37 -> 0.019995689 | N37: =IF(M37="","",SUMIF('Daily Fills'!A:A,'Growth Plan & Statistics'!M37,'Daily Fills'!G:G)) | O37: =IF(M37="","",SUMIF('Daily Fills'!A:A,'Growth Plan & Statistics'!M37,'Daily Fills'!D:D)*2) | P37: =IF(M37="","",SUMIF('Daily Fills'!A:A,'Growth Plan & Statistics'!M37,'Daily Fills'!H:H)) | Q37: =IF(P37="","",N37-P37) | R37: =IF(N37="","",F37)
A38: 19 | B38: =ROUNDUP(A38/5,0) -> 4 | C38: =ROUNDUP(A38/20.83333333,0) -> 1 | D38: =IF(M38="",IF(C38=C37,D37,EDATE(D37,1)),M38) | E38: =I37 -> 70088.81 | F38: =ROUND(MIN($B$14,IF(SizeCalc="margin",E38*$E$13*$E$12/100000,E38*$I$13/$I$12/10)),2) -> 14.02 | G38: =$B$12*$B$13 -> 10 | H38: =IF(Q38="",G38*F38*10,Q38) -> 1402 | I38: =E38+H38 -> 71490.81 | J38: =J37+(I38-I37) -> 21490.81 | K38: =H38/E38 -> 0.020003193 | N38: =IF(M38="","",SUMIF('Daily Fills'!A:A,'Growth Plan & Statistics'!M38,'Daily Fills'!G:G)) | O38: =IF(M38="","",SUMIF('Daily Fills'!A:A,'Growth Plan & Statistics'!M38,'Daily Fills'!D:D)*2) | P38: =IF(M38="","",SUMIF('Daily Fills'!A:A,'Growth Plan & Statistics'!M38,'Daily Fills'!H:H)) | Q38: =IF(P38="","",N38-P38) | R38: =IF(N38="","",F38)
A39: 20 | B39: =ROUNDUP(A39/5,0) -> 4 | C39: =ROUNDUP(A39/20.83333333,0) -> 1 | D39: =IF(M39="",IF(C39=C38,D38,EDATE(D38,1)),M39) | E39: =I38 -> 71490.81 | F39: =ROUND(MIN($B$14,IF(SizeCalc="margin",E39*$E$13*$E$12/100000,E39*$I$13/$I$12/10)),2) -> 14.3 | G39: =$B$12*$B$13 -> 10 | H39: =IF(Q39="",G39*F39*10,Q39) -> 1430 | I39: =E39+H39 -> 72920.81 | J39: =J38+(I39-I38) -> 22920.81 | K39: =H39/E39 -> 0.020002571 | N39: =IF(M39="","",SUMIF('Daily Fills'!A:A,'Growth Plan & Statistics'!M39,'Daily Fills'!G:G)) | O39: =IF(M39="","",SUMIF('Daily Fills'!A:A,'Growth Plan & Statistics'!M39,'Daily Fills'!D:D)*2) | P39: =IF(M39="","",SUMIF('Daily Fills'!A:A,'Growth Plan & Statistics'!M39,'Daily Fills'!H:H)) | Q39: =IF(P39="","",N39-P39) | R39: =IF(N39="","",F39)
A40: 21 | B40: =ROUNDUP(A40/5,0) -> 5 | C40: =ROUNDUP(A40/20.83333333,0) -> 2 | D40: =IF(M40="",IF(C40=C39,D39,EDATE(D39,1)),M40) -> 41840 | E40: =I39 -> 72920.81 | F40: =ROUND(MIN($B$14,IF(SizeCalc="margin",E40*$E$13*$E$12/100000,E40*$I$13/$I$12/10)),2) -> 14.58 | G40: =$B$12*$B$13 -> 10 | H40: =IF(Q40="",G40*F40*10,Q40) -> 1458 | I40: =E40+H40 -> 74378.81 | J40: =J39+(I40-I39) -> 24378.81 | K40: =H40/E40 -> 0.019994292 | N40: =IF(M40="","",SUMIF('Daily Fills'!A:A,'Growth Plan & Statistics'!M40,'Daily Fills'!G:G)) | O40: =IF(M40="","",SUMIF('Daily Fills'!A:A,'Growth Plan & Statistics'!M40,'Daily Fills'!D:D)*2) | P40: =IF(M40="","",SUMIF('Daily Fills'!A:A,'Growth Plan & Statistics'!M40,'Daily Fills'!H:H)) | Q40: =IF(P40="","",N40-P40) | R40: =IF(N40="","",F40)
A41: 22 | B41: =ROUNDUP(A41/5,0) -> 5 | C41: =ROUNDUP(A41/20.83333333,0) -> 2 | D41: =IF(M41="",IF(C41=C40,D40,EDATE(D40,1)),M41) | E41: =I40 -> 74378.81 | F41: =ROUND(MIN($B$14,IF(SizeCalc="margin",E41*$E$13*$E$12/100000,E41*$I$13/$I$12/10)),2) -> 14.88 | G41: =$B$12*$B$13 -> 10 | H41: =IF(Q41="",G41*F41*10,Q41) -> 1488 | I41: =E41+H41 -> 75866.81 | J41: =J40+(I41-I40) -> 25866.81 | K41: =H41/E41 -> 0.020005698 | N41: =IF(M41="","",SUMIF('Daily Fills'!A:A,'Growth Plan & Statistics'!M41,'Daily Fills'!G:G)) | O41: =IF(M41="","",SUMIF('Daily Fills'!A:A,'Growth Plan & Statistics'!M41,'Daily Fills'!D:D)*2) | P41: =IF(M41="","",SUMIF('Daily Fills'!A:A,'Growth Plan & Statistics'!M41,'Daily Fills'!H:H)) | Q41: =IF(P41="","",N41-P41) | R41: =IF(N41="","",F41)
A42: 23 | B42: =ROUNDUP(A42/5,0) -> 5 | C42: =ROUNDUP(A42/20.83333333,0) -> 2 | D42: =IF(M42="",IF(C42=C41,D41,EDATE(D41,1)),M42) | E42: =I41 -> 75866.81 | F42: =ROUND(MIN($B$14,IF(SizeCalc="margin",E42*$E$13*$E$12/100000,E42*$I$13/$I$12/10)),2) -> 15.17 | G42: =$B$12*$B$13 -> 10 | H42: =IF(Q42="",G42*F42*10,Q42) -> 1517 | I42: =E42+H42 -> 77383.81 | J42: =J41+(I42-I41) -> 27383.81 | K42: =H42/E42 -> 0.019995569 | N42: =IF(M42="","",SUMIF('Daily Fills'!A:A,'Growth Plan & Statistics'!M42,'Daily Fills'!G:G)) | O42: =IF(M42="","",SUMIF('Daily Fills'!A:A,'Growth Plan & Statistics'!M42,'Daily Fills'!D:D)*2) | P42: =IF(M42="","",SUMIF('Daily Fills'!A:A,'Growth Plan & Statistics'!M42,'Daily Fills'!H:H)) | Q42: =IF(P42="","",N42-P42) | R42: =IF(N42="","",F42)
... A51: 32 | B51: =ROUNDUP(A51/5,0) -> 7 | C51: =ROUNDUP(A51/20.83333333,0) -> 2 | D51: =IF(M51="",IF(C51=C50,D50,EDATE(D50,1)),M51) | E51: =I50 -> 90667.81 | F51: =ROUND(MIN($B$14,IF(SizeCalc="margin",E51*$E$13*$E$12/100000,E51*$I$13/$I$12/10)),2) -> 18.13 | G51: =$B$12*$B$13 -> 10 | H51: =IF(Q51="",G51*F51*10,Q51) -> 1813 | I51: =E51+H51 -> 92480.81 | J51: =J50+(I51-I50) -> 42480.81 | K51: =H51/E51 -> 0.019996071 | N51: =IF(M51="","",SUMIF('Daily Fills'!A:A,'Growth Plan & Statistics'!M51,'Daily Fills'!G:G)) | O51: =IF(M51="","",SUMIF('Daily Fills'!A:A,'Growth Plan & Statistics'!M51,'Daily Fills'!D:D)*2) | P51: =IF(M51="","",SUMIF('Daily Fills'!A:A,'Growth Plan & Statistics'!M51,'Daily Fills'!H:H)) | Q51: =IF(P51="","",N51-P51) | R51: =IF(N51="","",F51)
A52: 33 | B52: =ROUNDUP(A52/5,0) -> 7 | C52: =ROUNDUP(A52/20.83333333,0) -> 2 | D52: =IF(M52="",IF(C52=C51,D51,EDATE(D51,1)),M52) | E52: =I51 -> 92480.81 | F52: =ROUND(MIN($B$14,IF(SizeCalc="margin",E52*$E$13*$E$12/100000,E52*$I$13/$I$12/10)),2) -> 18.5 | G52: =$B$12*$B$13 -> 10 | H52: =IF(Q52="",G52*F52*10,Q52) -> 1850 | I52: =E52+H52 -> 94330.81 | J52: =J51+(I52-I51) -> 44330.81 | K52: =H52/E52 -> 0.02000415 | N52: =IF(M52="","",SUMIF('Daily Fills'!L35:L20017,'Growth Plan & Statistics'!M52,'Daily Fills'!O35:O20017)) | O52: =IF(N52="","",SUMIF('Daily Fills'!L35:L20017,'Growth Plan & Statistics'!M52,'Daily Fills'!P35:P20017)) | P52: =IF(O52="","",SUMIF('Daily Fills'!L35:L20029,'Growth Plan & Statistics'!M52,'Daily Fills'!E35:E20029)/1000000) | R52: =IF(N52="","",F52)
A53: 34 | B53: =ROUNDUP(A53/5,0) -> 7 | C53: =ROUNDUP(A53/20.83333333,0) -> 2 | D53: =IF(M53="",IF(C53=C52,D52,EDATE(D52,1)),M53) | E53: =I52 -> 94330.81 | F53: =ROUND(MIN($B$14,IF(SizeCalc="margin",E53*$E$13*$E$12/100000,E53*$I$13/$I$12/10)),2) -> 18.87 | G53: =$B$12*$B$13 -> 10 | H53: =IF(Q53="",G53*F53*10,Q53) -> 1887 | I53: =E53+H53 -> 96217.81 | J53: =J52+(I53-I52) -> 46217.81 | K53: =H53/E53 -> 0.020004069 | N53: =IF(M53="","",SUMIF('Daily Fills'!L36:L20018,'Growth Plan & Statistics'!M53,'Daily Fills'!O36:O20018)) | O53: =IF(N53="","",SUMIF('Daily Fills'!L36:L20018,'Growth Plan & Statistics'!M53,'Daily Fills'!P36:P20018)) | P53: =IF(O53="","",SUMIF('Daily Fills'!L36:L20030,'Growth Plan & Statistics'!M53,'Daily Fills'!E36:E20030)/1000000) | R53: =IF(N53="","",F53)
A54: 35 | B54: =ROUNDUP(A54/5,0) -> 7 | C54: =ROUNDUP(A54/20.83333333,0) -> 2 | D54: =IF(M54="",IF(C54=C53,D53,EDATE(D53,1)),M54) | E54: =I53 -> 96217.81 | F54: =ROUND(MIN($B$14,IF(SizeCalc="margin",E54*$E$13*$E$12/100000,E54*$I$13/$I$12/10)),2) -> 19.24 | G54: =$B$12*$B$13 -> 10 | H54: =IF(Q54="",G54*F54*10,Q54) -> 1924 | I54: =E54+H54 -> 98141.81 | J54: =J53+(I54-I53) -> 48141.81 | K54: =H54/E54 -> 0.019996298 | N54: =IF(M54="","",SUMIF('Daily Fills'!L37:L20019,'Growth Plan & Statistics'!M54,'Daily Fills'!O37:O20019)) | O54: =IF(N54="","",SUMIF('Daily Fills'!L37:L20019,'Growth Plan & Statistics'!M54,'Daily Fills'!P37:P20019)) | P54: =IF(O54="","",SUMIF('Daily Fills'!L37:L20031,'Growth Plan & Statistics'!M54,'Daily Fills'!E37:E20031)/1000000) | R54: =IF(N54="","",F54)
A55: 36 | B55: =ROUNDUP(A55/5,0) -> 8 | C55: =ROUNDUP(A55/20.83333333,0) -> 2 | D55: =IF(M55="",IF(C55=C54,D54,EDATE(D54,1)),M55) | E55: =I54 -> 98141.81 | F55: =ROUND(MIN($B$14,IF(SizeCalc="margin",E55*$E$13*$E$12/100000,E55*$I$13/$I$12/10)),2) -> 19.63 | G55: =$B$12*$B$13 -> 10 | H55: =IF(Q55="",G55*F55*10,Q55) -> 1963 | I55: =E55+H55 -> 100104.81 | J55: =J54+(I55-I54) -> 50104.81 | K55: =H55/E55 -> 0.020001669 | N55: =IF(M55="","",SUMIF('Daily Fills'!L38:L20020,'Growth Plan & Statistics'!M55,'Daily Fills'!O38:O20020)) | O55: =IF(N55="","",SUMIF('Daily Fills'!L38:L20020,'Growth Plan & Statistics'!M55,'Daily Fills'!P38:P20020)) | P55: =IF(O55="","",SUMIF('Daily Fills'!L38:L20032,'Growth Plan & Statistics'!M55,'Daily Fills'!E38:E20032)/1000000) | R55: =IF(N55="","",F55)
A56: 37 | B56: =ROUNDUP(A56/5,0) -> 8 | C56: =ROUNDUP(A56/20.83333333,0) -> 2 | D56: =IF(M56="",IF(C56=C55,D55,EDATE(D55,1)),M56) | E56: =I55 -> 100104.81 | F56: =ROUND(MIN($B$14,IF(SizeCalc="margin",E56*$E$13*$E$12/100000,E56*$I$13/$I$12/10)),2) -> 20.02 | G56: =$B$12*$B$13 -> 10 | H56: =IF(Q56="",G56*F56*10,Q56) -> 2002 | I56: =E56+H56 -> 102106.81 | J56: =J55+(I56-I55) -> 52106.81 | K56: =H56/E56 -> 0.019999039 | N56: =IF(M56="","",SUMIF('Daily Fills'!L39:L20021,'Growth Plan & Statistics'!M56,'Daily Fills'!O39:O20021)) | O56: =IF(N56="","",SUMIF('Daily Fills'!L39:L20021,'Growth Plan & Statistics'!M56,'Daily Fills'!P39:P20021)) | P56: =IF(O56="","",SUMIF('Daily Fills'!L39:L20033,'Growth Plan & Statistics'!M56,'Daily Fills'!E39:E20033)/1000000) | R56: =IF(N56="","",F56)
A57: 38 | B57: =ROUNDUP(A57/5,0) -> 8 | C57: =ROUNDUP(A57/20.83333333,0) -> 2 | D57: =IF(M57="",IF(C57=C56,D56,EDATE(D56,1)),M57) | E57: =I56 -> 102106.81 | F57: =ROUND(MIN($B$14,IF(SizeCalc="margin",E57*$E$13*$E$12/100000,E57*$I$13/$I$12/10)),2) -> 20.42 | G57: =$B$12*$B$13 -> 10 | H57: =IF(Q57="",G57*F57*10,Q57) -> 2042 | I57: =E57+H57 -> 104148.81 | J57: =J56+(I57-I56) -> 54148.81 | K57: =H57/E57 -> 0.019998666 | N57: =IF(M57="","",SUMIF('Daily Fills'!L40:L20022,'Growth Plan & Statistics'!M57,'Daily Fills'!O40:O20022)) | O57: =IF(N57="","",SUMIF('Daily Fills'!L40:L20022,'Growth Plan & Statistics'!M57,'Daily Fills'!P40:P20022)) | P57: =IF(O57="","",SUMIF('Daily Fills'!L40:L20034,'Growth Plan & Statistics'!M57,'Daily Fills'!E40:E20034)/1000000) | R57: =IF(N57="","",F57)
A58: 39 | B58: =ROUNDUP(A58/5,0) -> 8 | C58: =ROUNDUP(A58/20.83333333,0) -> 2 | D58: =IF(M58="",IF(C58=C57,D57,EDATE(D57,1)),M58) | E58: =I57 -> 104148.81 | F58: =ROUND(MIN($B$14,IF(SizeCalc="margin",E58*$E$13*$E$12/100000,E58*$I$13/$I$12/10)),2) -> 20.83 | G58: =$B$12*$B$13 -> 10 | H58: =IF(Q58="",G58*F58*10,Q58) -> 2083 | I58: =E58+H58 -> 106231.81 | J58: =J57+(I58-I57) -> 56231.81 | K58: =H58/E58 -> 0.020000229 | N58: =IF(M58="","",SUMIF('Daily Fills'!L41:L20023,'Growth Plan & Statistics'!M58,'Daily Fills'!O41:O20023)) | O58: =IF(N58="","",SUMIF('Daily Fills'!L41:L20023,'Growth Plan & Statistics'!M58,'Daily Fills'!P41:P20023)) | P58: =IF(O58="","",SUMIF('Daily Fills'!L41:L20035,'Growth Plan & Statistics'!M58,'Daily Fills'!E41:E20035)/1000000) | R58: =IF(N58="","",F58)
A59: 40 | B59: =ROUNDUP(A59/5,0) -> 8 | C59: =ROUNDUP(A59/20.83333333,0) -> 2 | D59: =IF(M59="",IF(C59=C58,D58,EDATE(D58,1)),M59) | E59: =I58 -> 106231.81 | F59: =ROUND(MIN($B$14,IF(SizeCalc="margin",E59*$E$13*$E$12/100000,E59*$I$13/$I$12/10)),2) -> 21.25 | G59: =$B$12*$B$13 -> 10 | H59: =IF(Q59="",G59*F59*10,Q59) -> 2125 | I59: =E59+H59 -> 108356.81 | J59: =J58+(I59-I58) -> 58356.81 | K59: =H59/E59 -> 0.020003425 | N59: =IF(M59="","",SUMIF('Daily Fills'!L42:L20024,'Growth Plan & Statistics'!M59,'Daily Fills'!O42:O20024)) | O59: =IF(N59="","",SUMIF('Daily Fills'!L42:L20024,'Growth Plan & Statistics'!M59,'Daily Fills'!P42:P20024)) | P59: =IF(O59="","",SUMIF('Daily Fills'!L42:L20036,'Growth Plan & Statistics'!M59,'Daily Fills'!E42:E20036)/1000000) | R59: =IF(N59="","",F59)
A60: 41 | B60: =ROUNDUP(A60/5,0) -> 9 | C60: =ROUNDUP(A60/20.83333333,0) -> 2 | D60: =IF(M60="",IF(C60=C59,D59,EDATE(D59,1)),M60) | E60: =I59 -> 108356.81 | F60: =ROUND(MIN($B$14,IF(SizeCalc="margin",E60*$E$13*$E$12/100000,E60*$I$13/$I$12/10)),2) -> 21.67 | G60: =$B$12*$B$13 -> 10 | H60: =IF(Q60="",G60*F60*10,Q60) -> 2167 | I60: =E60+H60 -> 110523.81 | J60: =J59+(I60-I59) -> 60523.81 | K60: =H60/E60 -> 0.019998743 | N60: =IF(M60="","",SUMIF('Daily Fills'!L43:L20025,'Growth Plan & Statistics'!M60,'Daily Fills'!O43:O20025)) | O60: =IF(N60="","",SUMIF('Daily Fills'!L43:L20025,'Growth Plan & Statistics'!M60,'Daily Fills'!P43:P20025)) | P60: =IF(O60="","",SUMIF('Daily Fills'!L43:L20037,'Growth Plan & Statistics'!M60,'Daily Fills'!E43:E20037)/1000000) | R60: =IF(N60="","",F60)
A61: 42 | B61: =ROUNDUP(A61/5,0) -> 9 | C61: =ROUNDUP(A61/20.83333333,0) -> 3 | D61: =IF(M61="",IF(C61=C60,D60,EDATE(D60,1)),M61) -> 41871 | E61: =I60 -> 110523.81 | F61: =ROUND(MIN($B$14,IF(SizeCalc="margin",E61*$E$13*$E$12/100000,E61*$I$13/$I$12/10)),2) -> 22.1 | G61: =$B$12*$B$13 -> 10 | H61: =IF(Q61="",G61*F61*10,Q61) -> 2210 | I61: =E61+H61 -> 112733.81 | J61: =J60+(I61-I60) -> 62733.81 | K61: =H61/E61 -> 0.019995691 | N61: =IF(M61="","",SUMIF('Daily Fills'!L44:L20026,'Growth Plan & Statistics'!M61,'Daily Fills'!O44:O20026)) | O61: =IF(N61="","",SUMIF('Daily Fills'!L44:L20026,'Growth Plan & Statistics'!M61,'Daily Fills'!P44:P20026)) | P61: =IF(O61="","",SUMIF('Daily Fills'!L44:L20038,'Growth Plan & Statistics'!M61,'Daily Fills'!E44:E20038)/1000000) | R61: =IF(N61="","",F61)
A62: 43 | B62: =ROUNDUP(A62/5,0) -> 9 | C62: =ROUNDUP(A62/20.83333333,0) -> 3 | D62: =IF(M62="",IF(C62=C61,D61,EDATE(D61,1)),M62) | E62: =I61 -> 112733.81 | F62: =ROUND(MIN($B$14,IF(SizeCalc="margin",E62*$E$13*$E$12/100000,E62*$I$13/$I$12/10)),2) -> 22.55 | G62: =$B$12*$B$13 -> 10 | H62: =IF(Q62="",G62*F62*10,Q62) -> 2255 | I62: =E62+H62 -> 114988.81 | J62: =J61+(I62-I61) -> 64988.81 | K62: =H62/E62 -> 0.020002872 | N62: =IF(M62="","",SUMIF('Daily Fills'!L45:L20027,'Growth Plan & Statistics'!M62,'Daily Fills'!O45:O20027)) | O62: =IF(N62="","",SUMIF('Daily Fills'!L45:L20027,'Growth Plan & Statistics'!M62,'Daily Fills'!P45:P20027)) | P62: =IF(O62="","",SUMIF('Daily Fills'!L45:L20039,'Growth Plan & Statistics'!M62,'Daily Fills'!E45:E20039)/1000000) | R62: =IF(N62="","",F62)
A63: 44 | B63: =ROUNDUP(A63/5,0) -> 9 | C63: =ROUNDUP(A63/20.83333333,0) -> 3 | D63: =IF(M63="",IF(C63=C62,D62,EDATE(D62,1)),M63) | E63: =I62 -> 114988.81 | F63: =ROUND(MIN($B$14,IF(SizeCalc="margin",E63*$E$13*$E$12/100000,E63*$I$13/$I$12/10)),2) -> 23 | G63: =$B$12*$B$13 -> 10 | H63: =IF(Q63="",G63*F63*10,Q63) -> 2300 | I63: =E63+H63 -> 117288.81 | J63: =J62+(I63-I62) -> 67288.81 | K63: =H63/E63 -> 0.020001946 | N63: =IF(M63="","",SUMIF('Daily Fills'!L46:L20028,'Growth Plan & Statistics'!M63,'Daily Fills'!O46:O20028)) | O63: =IF(N63="","",SUMIF('Daily Fills'!L46:L20028,'Growth Plan & Statistics'!M63,'Daily Fills'!P46:P20028)) | P63: =IF(O63="","",SUMIF('Daily Fills'!L46:L20040,'Growth Plan & Statistics'!M63,'Daily Fills'!E46:E20040)/1000000) | R63: =IF(N63="","",F63)
... A72: 53 | B72: =ROUNDUP(A72/5,0) -> 11 | C72: =ROUNDUP(A72/20.83333333,0) -> 3 | D72: =IF(M72="",IF(C72=C71,D71,EDATE(D71,1)),M72) | E72: =I71 -> 137423.81 | F72: =ROUND(MIN($B$14,IF(SizeCalc="margin",E72*$E$13*$E$12/100000,E72*$I$13/$I$12/10)),2) -> 27.48 | G72: =$B$12*$B$13 -> 10 | H72: =IF(Q72="",G72*F72*10,Q72) -> 2748 | I72: =E72+H72 -> 140171.81 | J72: =J71+(I72-I71) -> 90171.81 | K72: =H72/E72 -> 0.019996535 | N72: =IF(M72="","",SUMIF('Daily Fills'!L55:L20037,'Growth Plan & Statistics'!M72,'Daily Fills'!O55:O20037)) | O72: =IF(N72="","",SUMIF('Daily Fills'!L55:L20037,'Growth Plan & Statistics'!M72,'Daily Fills'!P55:P20037)) | P72: =IF(O72="","",SUMIF('Daily Fills'!L55:L20049,'Growth Plan & Statistics'!M72,'Daily Fills'!E55:E20049)/1000000) | R72: =IF(N72="","",F72)
A73: 54 | B73: =ROUNDUP(A73/5,0) -> 11 | C73: =ROUNDUP(A73/20.83333333,0) -> 3 | D73: =IF(M73="",IF(C73=C72,D72,EDATE(D72,1)),M73) | E73: =I72 -> 140171.81 | F73: =ROUND(MIN($B$14,IF(SizeCalc="margin",E73*$E$13*$E$12/100000,E73*$I$13/$I$12/10)),2) -> 28.03 | G73: =$B$12*$B$13 -> 10 | H73: =IF(Q73="",G73*F73*10,Q73) -> 2803 | I73: =E73+H73 -> 142974.81 | J73: =J72+(I73-I72) -> 92974.81 | K73: =H73/E73 -> 0.019996888 | N73: =IF(M73="","",SUMIF('Daily Fills'!L55:L20038,'Growth Plan & Statistics'!M73,'Daily Fills'!O55:O20038)) | O73: =IF(N73="","",SUMIF('Daily Fills'!L55:L20038,'Growth Plan & Statistics'!M73,'Daily Fills'!P55:P20038)) | P73: =IF(O73="","",SUMIF('Daily Fills'!L55:L20050,'Growth Plan & Statistics'!M73,'Daily Fills'!E55:E20050)/1000000) | R73: =IF(N73="","",F73)
A74: 55 | B74: =ROUNDUP(A74/5,0) -> 11 | C74: =ROUNDUP(A74/20.83333333,0) -> 3 | D74: =IF(M74="",IF(C74=C73,D73,EDATE(D73,1)),M74) | E74: =I73 -> 142974.81 | F74: =ROUND(MIN($B$14,IF(SizeCalc="margin",E74*$E$13*$E$12/100000,E74*$I$13/$I$12/10)),2) -> 28.59 | G74: =$B$12*$B$13 -> 10 | H74: =IF(Q74="",G74*F74*10,Q74) -> 2859 | I74: =E74+H74 -> 145833.81 | J74: =J73+(I74-I73) -> 95833.81 | K74: =H74/E74 -> 0.019996529 | N74: =IF(M74="","",SUMIF('Daily Fills'!L55:L20039,'Growth Plan & Statistics'!M74,'Daily Fills'!O55:O20039)) | O74: =IF(N74="","",SUMIF('Daily Fills'!L55:L20039,'Growth Plan & Statistics'!M74,'Daily Fills'!P55:P20039)) | P74: =IF(O74="","",SUMIF('Daily Fills'!L55:L20051,'Growth Plan & Statistics'!M74,'Daily Fills'!E55:E20051)/1000000) | R74: =IF(N74="","",F74)
A75: 56 | B75: =ROUNDUP(A75/5,0) -> 12 | C75: =ROUNDUP(A75/20.83333333,0) -> 3 | D75: =IF(M75="",IF(C75=C74,D74,EDATE(D74,1)),M75) | E75: =I74 -> 145833.81 | F75: =ROUND(MIN($B$14,IF(SizeCalc="margin",E75*$E$13*$E$12/100000,E75*$I$13/$I$12/10)),2) -> 29.17 | G75: =$B$12*$B$13 -> 10 | H75: =IF(Q75="",G75*F75*10,Q75) -> 2917 | I75: =E75+H75 -> 148750.81 | J75: =J74+(I75-I74) -> 98750.81 | K75: =H75/E75 -> 0.02000222 | N75: =IF(M75="","",SUMIF('Daily Fills'!L55:L20040,'Growth Plan & Statistics'!M75,'Daily Fills'!O55:O20040)) | O75: =IF(N75="","",SUMIF('Daily Fills'!L55:L20040,'Growth Plan & Statistics'!M75,'Daily Fills'!P55:P20040)) | P75: =IF(O75="","",SUMIF('Daily Fills'!L55:L20052,'Growth Plan & Statistics'!M75,'Daily Fills'!E55:E20052)/1000000) | R75: =IF(N75="","",F75)
A76: 57 | B76: =ROUNDUP(A76/5,0) -> 12 | C76: =ROUNDUP(A76/20.83333333,0) -> 3 | D76: =IF(M76="",IF(C76=C75,D75,EDATE(D75,1)),M76) | E76: =I75 -> 148750.81 | F76: =ROUND(MIN($B$14,IF(SizeCalc="margin",E76*$E$13*$E$12/100000,E76*$I$13/$I$12/10)),2) -> 29.75 | G76: =$B$12*$B$13 -> 10 | H76: =IF(Q76="",G76*F76*10,Q76) -> 2975 | I76: =E76+H76 -> 151725.81 | J76: =J75+(I76-I75) -> 101725.81 | K76: =H76/E76 -> 0.019999891 | N76: =IF(M76="","",SUMIF('Daily Fills'!L55:L20041,'Growth Plan & Statistics'!M76,'Daily Fills'!O55:O20041)) | O76: =IF(N76="","",SUMIF('Daily Fills'!L55:L20041,'Growth Plan & Statistics'!M76,'Daily Fills'!P55:P20041)) | P76: =IF(O76="","",SUMIF('Daily Fills'!L55:L20053,'Growth Plan & Statistics'!M76,'Daily Fills'!E55:E20053)/1000000) | R76: =IF(N76="","",F76)
A77: 58 | B77: =ROUNDUP(A77/5,0) -> 12 | C77: =ROUNDUP(A77/20.83333333,0) -> 3 | D77: =IF(M77="",IF(C77=C76,D76,EDATE(D76,1)),M77) | E77: =I76 -> 151725.81 | F77: =ROUND(MIN($B$14,IF(SizeCalc="margin",E77*$E$13*$E$12/100000,E77*$I$13/$I$12/10)),2) -> 30.35 | G77: =$B$12*$B$13 -> 10 | H77: =IF(Q77="",G77*F77*10,Q77) -> 3035 | I77: =E77+H77 -> 154760.81 | J77: =J76+(I77-I76) -> 104760.81 | K77: =H77/E77 -> 0.020003189 | N77: =IF(M77="","",SUMIF('Daily Fills'!L56:L20042,'Growth Plan & Statistics'!M77,'Daily Fills'!O56:O20042)) | O77: =IF(N77="","",SUMIF('Daily Fills'!L56:L20042,'Growth Plan & Statistics'!M77,'Daily Fills'!P56:P20042)) | P77: =IF(O77="","",SUMIF('Daily Fills'!L56:L20054,'Growth Plan & Statistics'!M77,'Daily Fills'!E56:E20054)/1000000) | R77: =IF(N77="","",F77)
A78: 59 | B78: =ROUNDUP(A78/5,0) -> 12 | C78: =ROUNDUP(A78/20.83333333,0) -> 3 | D78: =IF(M78="",IF(C78=C77,D77,EDATE(D77,1)),M78) | E78: =I77 -> 154760.81 | F78: =ROUND(MIN($B$14,IF(SizeCalc="margin",E78*$E$13*$E$12/100000,E78*$I$13/$I$12/10)),2) -> 30.95 | G78: =$B$12*$B$13 -> 10 | H78: =IF(Q78="",G78*F78*10,Q78) -> 3095 | I78: =E78+H78 -> 157855.81 | J78: =J77+(I78-I77) -> 107855.81 | K78: =H78/E78 -> 0.019998603 | N78: =IF(M78="","",SUMIF('Daily Fills'!L57:L20043,'Growth Plan & Statistics'!M78,'Daily Fills'!O57:O20043)) | O78: =IF(N78="","",SUMIF('Daily Fills'!L57:L20043,'Growth Plan & Statistics'!M78,'Daily Fills'!P57:P20043)) | P78: =IF(O78="","",SUMIF('Daily Fills'!L57:L20055,'Growth Plan & Statistics'!M78,'Daily Fills'!E57:E20055)/1000000) | R78: =IF(N78="","",F78)
A79: 60 | B79: =ROUNDUP(A79/5,0) -> 12 | C79: =ROUNDUP(A79/20.83333333,0) -> 3 | D79: =IF(M79="",IF(C79=C78,D78,EDATE(D78,1)),M79) | E79: =I78 -> 157855.81 | F79: =ROUND(MIN($B$14,IF(SizeCalc="margin",E79*$E$13*$E$12/100000,E79*$I$13/$I$12/10)),2) -> 31.57 | G79: =$B$12*$B$13 -> 10 | H79: =IF(Q79="",G79*F79*10,Q79) -> 3157 | I79: =E79+H79 -> 161012.81 | J79: =J78+(I79-I78) -> 111012.81 | K79: =H79/E79 -> 0.019999264 | N79: =IF(M79="","",SUMIF('Daily Fills'!L58:L20044,'Growth Plan & Statistics'!M79,'Daily Fills'!O58:O20044)) | O79: =IF(N79="","",SUMIF('Daily Fills'!L58:L20044,'Growth Plan & Statistics'!M79,'Daily Fills'!P58:P20044)) | P79: =IF(O79="","",SUMIF('Daily Fills'!L58:L20056,'Growth Plan & Statistics'!M79,'Daily Fills'!E58:E20056)/1000000) | R79: =IF(N79="","",F79)
A80: 61 | B80: =ROUNDUP(A80/5,0) -> 13 | C80: =ROUNDUP(A80/20.83333333,0) -> 3 | D80: =IF(M80="",IF(C80=C79,D79,EDATE(D79,1)),M80) | E80: =I79 -> 161012.81 | F80: =ROUND(MIN($B$14,IF(SizeCalc="margin",E80*$E$13*$E$12/100000,E80*$I$13/$I$12/10)),2) -> 32.2 | G80: =$B$12*$B$13 -> 10 | H80: =IF(Q80="",G80*F80*10,Q80) -> 3220 | I80: =E80+H80 -> 164232.81 | J80: =J79+(I80-I79) -> 114232.81 | K80: =H80/E80 -> 0.019998409 | N80: =IF(M80="","",SUMIF('Daily Fills'!L59:L20045,'Growth Plan & Statistics'!M80,'Daily Fills'!O59:O20045)) | O80: =IF(N80="","",SUMIF('Daily Fills'!L59:L20045,'Growth Plan & Statistics'!M80,'Daily Fills'!P59:P20045)) | P80: =IF(O80="","",SUMIF('Daily Fills'!L59:L20057,'Growth Plan & Statistics'!M80,'Daily Fills'!E59:E20057)/1000000) | R80: =IF(N80="","",F80)
A81: 62 | B81: =ROUNDUP(A81/5,0) -> 13 | C81: =ROUNDUP(A81/20.83333333,0) -> 3 | D81: =IF(M81="",IF(C81=C80,D80,EDATE(D80,1)),M81) | E81: =I80 -> 164232.81 | F81: =ROUND(MIN($B$14,IF(SizeCalc="margin",E81*$E$13*$E$12/100000,E81*$I$13/$I$12/10)),2) -> 32.85 | G81: =$B$12*$B$13 -> 10 | H81: =IF(Q81="",G81*F81*10,Q81) -> 3285 | I81: =E81+H81 -> 167517.81 | J81: =J80+(I81-I80) -> 117517.81 | K81: =H81/E81 -> 0.020002093 | N81: =IF(M81="","",SUMIF('Daily Fills'!L60:L20046,'Growth Plan & Statistics'!M81,'Daily Fills'!O60:O20046)) | O81: =IF(N81="","",SUMIF('Daily Fills'!L60:L20046,'Growth Plan & Statistics'!M81,'Daily Fills'!P60:P20046)) | P81: =IF(O81="","",SUMIF('Daily Fills'!L60:L20058,'Growth Plan & Statistics'!M81,'Daily Fills'!E60:E20058)/1000000) | R81: =IF(N81="","",F81)
A82: 63 | B82: =ROUNDUP(A82/5,0) -> 13 | C82: =ROUNDUP(A82/20.83333333,0) -> 4 | D82: =IF(M82="",IF(C82=C81,D81,EDATE(D81,1)),M82) -> 41902 | E82: =I81 -> 167517.81 | F82: =ROUND(MIN($B$14,IF(SizeCalc="margin",E82*$E$13*$E$12/100000,E82*$I$13/$I$12/10)),2) -> 33.5 | G82: =$B$12*$B$13 -> 10 | H82: =IF(Q82="",G82*F82*10,Q82) -> 3350 | I82: =E82+H82 -> 170867.81 | J82: =J81+(I82-I81) -> 120867.81 | K82: =H82/E82 -> 0.019997874 | N82: =IF(M82="","",SUMIF('Daily Fills'!L61:L20047,'Growth Plan & Statistics'!M82,'Daily Fills'!O61:O20047)) | O82: =IF(N82="","",SUMIF('Daily Fills'!L61:L20047,'Growth Plan & Statistics'!M82,'Daily Fills'!P61:P20047)) | P82: =IF(O82="","",SUMIF('Daily Fills'!L61:L20059,'Growth Plan & Statistics'!M82,'Daily Fills'!E61:E20059)/1000000) | R82: =IF(N82="","",F82)
A83: 64 | B83: =ROUNDUP(A83/5,0) -> 13 | C83: =ROUNDUP(A83/20.83333333,0) -> 4 | D83: =IF(M83="",IF(C83=C82,D82,EDATE(D82,1)),M83) | E83: =I82 -> 170867.81 | F83: =ROUND(MIN($B$14,IF(SizeCalc="margin",E83*$E$13*$E$12/100000,E83*$I$13/$I$12/10)),2) -> 34.17 | G83: =$B$12*$B$13 -> 10 | H83: =IF(Q83="",G83*F83*10,Q83) -> 3417 | I83: =E83+H83 -> 174284.81 | J83: =J82+(I83-I82) -> 124284.81 | K83: =H83/E83 -> 0.019997915 | N83: =IF(M83="","",SUMIF('Daily Fills'!L62:L20048,'Growth Plan & Statistics'!M83,'Daily Fills'!O62:O20048)) | O83: =IF(N83="","",SUMIF('Daily Fills'!L62:L20048,'Growth Plan & Statistics'!M83,'Daily Fills'!P62:P20048)) | P83: =IF(O83="","",SUMIF('Daily Fills'!L62:L20060,'Growth Plan & Statistics'!M83,'Daily Fills'!E62:E20060)/1000000) | R83: =IF(N83="","",F83)
A84: 65 | B84: =ROUNDUP(A84/5,0) -> 13 | C84: =ROUNDUP(A84/20.83333333,0) -> 4 | D84: =IF(M84="",IF(C84=C83,D83,EDATE(D83,1)),M84) | E84: =I83 -> 174284.81 | F84: =ROUND(MIN($B$14,IF(SizeCalc="margin",E84*$E$13*$E$12/100000,E84*$I$13/$I$12/10)),2) -> 34.86 | G84: =$B$12*$B$13 -> 10 | H84: =IF(Q84="",G84*F84*10,Q84) -> 3486 | I84: =E84+H84 -> 177770.81 | J84: =J83+(I84-I83) -> 127770.81 | K84: =H84/E84 -> 0.020001743 | N84: =IF(M84="","",SUMIF('Daily Fills'!L63:L20049,'Growth Plan & Statistics'!M84,'Daily Fills'!O63:O20049)) | O84: =IF(N84="","",SUMIF('Daily Fills'!L63:L20049,'Growth Plan & Statistics'!M84,'Daily Fills'!P63:P20049)) | P84: =IF(O84="","",SUMIF('Daily Fills'!L63:L20061,'Growth Plan & Statistics'!M84,'Daily Fills'!E63:E20061)/1000000) | R84: =IF(N84="","",F84)
A85: 66 | B85: =ROUNDUP(A85/5,0) -> 14 | C85: =ROUNDUP(A85/20.83333333,0) -> 4 | D85: =IF(M85="",IF(C85=C84,D84,EDATE(D84,1)),M85) | E85: =I84 -> 177770.81 | F85: =ROUND(MIN($B$14,IF(SizeCalc="margin",E85*$E$13*$E$12/100000,E85*$I$13/$I$12/10)),2) -> 35.55 | G85: =$B$12*$B$13 -> 10 | H85: =IF(Q85="",G85*F85*10,Q85) -> 3555 | I85: =E85+H85 -> 181325.81 | J85: =J84+(I85-I84) -> 131325.81 | K85: =H85/E85 -> 0.019997659 | N85: =IF(M85="","",SUMIF('Daily Fills'!L64:L20050,'Growth Plan & Statistics'!M85,'Daily Fills'!O64:O20050)) | O85: =IF(N85="","",SUMIF('Daily Fills'!L64:L20050,'Growth Plan & Statistics'!M85,'Daily Fills'!P64:P20050)) | P85: =IF(O85="","",SUMIF('Daily Fills'!L64:L20062,'Growth Plan & Statistics'!M85,'Daily Fills'!E64:E20062)/1000000) | R85: =IF(N85="","",F85)
A86: 67 | B86: =ROUNDUP(A86/5,0) -> 14 | C86: =ROUNDUP(A86/20.83333333,0) -> 4 | D86: =IF(M86="",IF(C86=C85,D85,EDATE(D85,1)),M86) | E86: =I85 -> 181325.81 | F86: =ROUND(MIN($B$14,IF(SizeCalc="margin",E86*$E$13*$E$12/100000,E86*$I$13/$I$12/10)),2) -> 36.27 | G86: =$B$12*$B$13 -> 10 | H86: =IF(Q86="",G86*F86*10,Q86) -> 3627 | I86: =E86+H86 -> 184952.81 | J86: =J85+(I86-I85) -> 134952.81 | K86: =H86/E86 -> 0.020002668 | N86: =IF(M86="","",SUMIF('Daily Fills'!L65:L20051,'Growth Plan & Statistics'!M86,'Daily Fills'!O65:O20051)) | O86: =IF(N86="","",SUMIF('Daily Fills'!L65:L20051,'Growth Plan & Statistics'!M86,'Daily Fills'!P65:P20051)) | P86: =IF(O86="","",SUMIF('Daily Fills'!L65:L20063,'Growth Plan & Statistics'!M86,'Daily Fills'!E65:E20063)/1000000) | R86: =IF(N86="","",F86)
A87: 68 | B87: =ROUNDUP(A87/5,0) -> 14 | C87: =ROUNDUP(A87/20.83333333,0) -> 4 | D87: =IF(M87="",IF(C87=C86,D86,EDATE(D86,1)),M87) | E87: =I86 -> 184952.81 | F87: =ROUND(MIN($B$14,IF(SizeCalc="margin",E87*$E$13*$E$12/100000,E87*$I$13/$I$12/10)),2) -> 36.99 | G87: =$B$12*$B$13 -> 10 | H87: =IF(Q87="",G87*F87*10,Q87) -> 3699 | I87: =E87+H87 -> 188651.81 | J87: =J86+(I87-I86) -> 138651.81 | K87: =H87/E87 -> 0.019999696 | N87: =IF(M87="","",SUMIF('Daily Fills'!L66:L20052,'Growth Plan & Statistics'!M87,'Daily Fills'!O66:O20052)) | O87: =IF(N87="","",SUMIF('Daily Fills'!L66:L20052,'Growth Plan & Statistics'!M87,'Daily Fills'!P66:P20052)) | P87: =IF(O87="","",SUMIF('Daily Fills'!L66:L20064,'Growth Plan & Statistics'!M87,'Daily Fills'!E66:E20064)/1000000) | R87: =IF(N87="","",F87)
... A1406: 1387 | B1406: =ROUNDUP(A1406/5,0) -> 278 | C1406: =ROUNDUP(A1406/20.83333333,0) -> 67 | D1406: =IF(M1406="",IF(C1406=C1405,D1405,EDATE(D1405,1)),M1406) | E1406: =I1405 -> 13187776 | F1406: =ROUND(MIN($B$14,IF(SizeCalc="margin",E1406*$E$13*$E$12/100000,E1406*$I$13/$I$12/10)),2) -> 100 | G1406: =$B$12*$B$13 -> 10 | H1406: =IF(Q1406="",G1406*F1406*10,Q1406) -> 10000 | I1406: =E1406+H1406 -> 13197776 | J1406: =J1405+(I1406-I1405) -> 13147776 | K1406: =H1406/E1406 -> 0.00075827798 | N1406: =IF(M1406="","",SUMIF('Daily Fills'!L1385:L21371,'Growth Plan & Statistics'!M1406,'Daily Fills'!O1385:O21371)) | O1406: =IF(N1406="","",SUMIF('Daily Fills'!L1385:L21371,'Growth Plan & Statistics'!M1406,'Daily Fills'!P1385:P21371)) | P1406: =IF(O1406="","",SUMIF('Daily Fills'!L1385:L21383,'Growth Plan & Statistics'!M1406,'Daily Fills'!E1385:E21383)/1000000) | R1406: =IF(N1406="","",F1406)

Sheet Daily Fills
A1: Date | B1: Trade # | C1: Pair | D1: LOTS | E1: Entry Time | F1: Exit Time | G1: Gross Profit | H1: Commission | I1: Net Profit | J1: Trade Plan Followed? Y=Yes / N=No | K1: PIPS | L1: DRAW DOWN-PNTS | M1: PEAK | N1: EXIT | O1: Type | P1: OBSERV | Q1: SESSION | S1: CHART – TR A,B,C..../PAIR | T1: CHART HYPERLINKS NOT WORKING
A2: 41796 | B2: =IF(import!A2="","",import!A2) -> 1988267429 | C2: =IF(import!E2="","",import!E2) -> GBPJPY | D2: =IF(import!D2="","",import!D2) -> 1 | E2: =IF(import!B2="","",import!B2) -> 2014.06.06 23:17:19 | F2: =IF(import!I2="","",import!I2) -> 2014.06.06 23:51:06 | G2: =IF(import!N2="","",import!N2) -> -109.27 | H2: =IF(import!K2="","",import!K2) -> -6.05 | I2: =IF(H2="","",G2-H2) -> -103.22 | J2: N | K2: =import!AA2 -> -11.2 | L2: -18 | M2: 20 | N2: TRAIL-PROB | O2: =IF(import!Y2="","",import!Y2) -> Buy | P2: TEST | S2: /home/micha/.wine/dosdevices/c:/Program Files/MetaTrader ECN - FXOpen/trades/gbpjpym15-6-6-a.png | T2: -11.2 | U2: =T2-K2 -> 0 | V2: -11.2
A3: 41799 | B3: =IF(import!A3="","",import!A3) -> 1988312023 | C3: =IF(import!E3="","",import!E3) -> GBPJPY | D3: =IF(import!D3="","",import!D3) -> 1 | E3: =IF(import!B3="","",import!B3) -> 2014.06.09 12:17:22 | F3: =IF(import!I3="","",import!I3) -> 2014.06.09 14:27:01 | G3: =IF(import!N3="","",import!N3) -> 65.39 | H3: =IF(import!K3="","",import!K3) -> -6.05 | I3: =IF(H3="","",G3-H3) -> 71.44 | J3: Y | K3: =IF(import!AA3="","",import!AA3) -> 6.7 | L3: -6.3 | M3: 18 | O3: =IF(import!Y3="","",import!Y3) -> Sell | T3: 6.7 | U3: =T3-K3 -> 0 | V3: 6.7
A4: 41800 | B4: =IF(import!A4="","",import!A4) -> 1988419519 | C4: =IF(import!E4="","",import!E4) -> GBPJPY | D4: =IF(import!D4="","",import!D4) -> 10 | E4: =IF(import!B4="","",import!B4) -> 2014.06.10 11:21:40 | F4: =IF(import!I4="","",import!I4) -> 2014.06.10 11:30:00 | G4: =IF(import!N4="","",import!N4) -> -1065.42 | H4: =IF(import!K4="","",import!K4) -> -60.43 | I4: =IF(H4="","",G4-H4) -> -1004.99 | J4: Y | K4: =IF(import!AA4="","",import!AA4) -> -10.9 | M4: 5 | N4: TRAIL-PROB ? | O4: =IF(import!Y4="","",import!Y4) -> Sell | T4: -10.9 | U4: =T4-K4 -> 0 | V4: -10.9
A5: =A4 | B5: =IF(import!A5="","",import!A5) -> 1988419699 | C5: =IF(import!E5="","",import!E5) -> EURJPY | D5: =IF(import!D5="","",import!D5) -> 1 | E5: =IF(import!B5="","",import!B5) -> 2014.06.10 11:20:28 | F5: =IF(import!I5="","",import!I5) -> 2014.06.10 11:21:46 | G5: =IF(import!N5="","",import!N5) -> 47.9 | H5: =IF(import!K5="","",import!K5) -> -4.88 | I5: =IF(H5="","",G5-H5) -> 52.78 | J5: Y | K5: =IF(import!AA5="","",import!AA5) -> 4.9 | L5: 0 | N5: TS | O5: =IF(import!Y5="","",import!Y5) -> Sell | T5: 4.9 | U5: =T5-K5 -> 0 | V5: 4.9
A6: =A5 | B6: =IF(import!A6="","",import!A6) -> 1988424234 | C6: =IF(import!E6="","",import!E6) -> EURAUD | D6: =IF(import!D6="","",import!D6) -> 10.4 | E6: =IF(import!B6="","",import!B6) -> 2014.06.10 11:47:51 | F6: =IF(import!I6="","",import!I6) -> 2014.06.10 12:48:07 | G6: =IF(import!N6="","",import!N6) -> 778.86 | H6: =IF(import!K6="","",import!K6) -> -50.77 | I6: =IF(H6="","",G6-H6) -> 829.63 | J6: Y | K6: =IF(import!AA6="","",import!AA6) -> 8 | L6: -6.1 | N6: TS | O6: =IF(import!Y6="","",import!Y6) -> Sell | P6: MPTM | T6: 8 | U6: =T6-K6 -> 0 | V6: 8
A7: 41801 | B7: =IF(import!A7="","",import!A7) -> 1988603855 | C7: =IF(import!E7="","",import!E7) -> EURJPY | D7: =IF(import!D7="","",import!D7) -> 10.14 | E7: =IF(import!B7="","",import!B7) -> 2014.06.11 10:05:12 | F7: =IF(import!I7="","",import!I7) -> 2014.06.11 12:03:47 | G7: =IF(import!N7="","",import!N7) -> 1844.79 | H7: =IF(import!K7="","",import!K7) -> -49.41 | I7: =IF(H7="","",G7-H7) -> 1894.2 | J7: N | K7: =IF(import!AA7="","",import!AA7) -> 18.6 | L7: 9.1 | N7: TS | O7: =IF(import!Y7="","",import!Y7) -> Sell | T7: 18.6 | U7: =T7-K7 -> 0 | V7: 18.6
A8: =A7 | B8: =IF(import!A8="","",import!A8) -> 1988621191 | C8: =IF(import!E8="","",import!E8) -> EURJPY | D8: =IF(import!D8="","",import!D8) -> 10.5 | E8: =IF(import!B8="","",import!B8) -> 2014.06.11 12:08:44 | F8: =IF(import!I8="","",import!I8) -> 2014.06.11 12:13:24 | G8: =IF(import!N8="","",import!N8) -> 20.57 | H8: =IF(import!K8="","",import!K8) -> -51.16 | I8: =IF(H8="","",G8-H8) -> 71.73 | J8: N | K8: =IF(import!AA8="","",import!AA8) -> 0.2 | L8: -5.4 | N8: TS | O8: =IF(import!Y8="","",import!Y8) -> Sell | T8: 0.2 | U8: =T8-K8 -> 0 | V8: 0.2
A9: =A8 | B9: =IF(import!A9="","",import!A9) -> 1988622247 | C9: =IF(import!E9="","",import!E9) -> GBPJPY | D9: =IF(import!D9="","",import!D9) -> 10.4 | E9: =IF(import!B9="","",import!B9) -> 2014.06.12 05:14:35 | F9: =IF(import!I9="","",import!I9) -> 2014.06.12 09:52:27 | G9: =IF(import!N9="","",import!N9) -> 1161.64 | H9: =IF(import!K9="","",import!K9) -> -62.89 | I9: =IF(H9="","",G9-H9) -> 1224.53 | J9: N | K9: =IF(import!AA9="","",import!AA9) -> 11.4 | L9: -9.7 | M9: 8.7 | N9: ASIAN | O9: =IF(import!Y9="","",import!Y9) -> Buy | P9: Dd:12.6.14 | T9: 11.4 | U9: =T9-K9 -> 0 | V9: 11.4
A10: =A9 | B10: =IF(import!A10="","",import!A10) -> 1988622270 | C10: =IF(import!E10="","",import!E10) -> GBPJPY | D10: =IF(import!D10="","",import!D10) -> 10.4 | E10: =IF(import!B10="","",import!B10) -> 2014.06.11 12:19:34 | F10: =IF(import!I10="","",import!I10) -> 2014.06.11 12:21:02 | G10: =IF(import!N10="","",import!N10) -> 0 | H10: =IF(import!K10="","",import!K10) -> -62.87 | I10: =IF(H10="","",G10-H10) -> 62.87 | J10: Y | K10: =IF(import!AA10="","",import!AA10) -> 0 | M10: 6.7 | N10: TRAIL-PROB | O10: =IF(import!Y10="","",import!Y10) -> Sell | P10: WUKAR-EA | T10: 0 | U10: =T10-K10 -> 0 | V10: 0
A11: =A10 | B11: =IF(import!A11="","",import!A11) -> 1988623124 | C11: =IF(import!E11="","",import!E11) -> GBPJPY | D11: =IF(import!D11="","",import!D11) -> 10.4 | E11: =IF(import!B11="","",import!B11) -> 2014.06.11 12:24:27 | F11: =IF(import!I11="","",import!I11) -> 2014.06.11 12:42:18 | G11: =IF(import!N11="","",import!N11) -> 397.39 | H11: =IF(import!K11="","",import!K11) -> -62.88 | I11: =IF(H11="","",G11-H11) -> 460.27 | J11: Y | K11: =IF(import!AA11="","",import!AA11) -> 3.9 | M11: 8.1 | O11: =IF(import!Y11="","",import!Y11) -> Sell | T11: 3.9 | U11: =T11-K11 -> 0 | V11: 3.9
A12: =A11 | B12: =IF(import!A12="","",import!A12) -> 1988650197 | C12: =IF(import!E12="","",import!E12) -> EURCAD | D12: =IF(import!D12="","",import!D12) -> 11.2 | E12: =IF(import!B12="","",import!B12) -> 2014.06.11 16:30:30 | F12: =IF(import!I12="","",import!I12) -> 2014.06.11 16:35:56 | G12: =IF(import!N12="","",import!N12) -> 133.91 | H12: =IF(import!K12="","",import!K12) -> -54.61 | I12: =IF(H12="","",G12-H12) -> 188.52 | J12: Y | K12: =IF(import!AA12="","",import!AA12) -> 1.3 | L12: 0 | M12: 4.9 | N12: TRAIL-PROB | O12: =IF(import!Y12="","",import!Y12) -> Sell | T12: 1.3 | U12: =T12-K12 -> 0 | V12: 1.3
A13: 41802 | B13: =IF(import!A13="","",import!A13) -> 1988730752 | C13: =IF(import!E13="","",import!E13) -> EURJPY | D13: =IF(import!D13="","",import!D13) -> 7 | E13: =IF(import!B13="","",import!B13) -> 2014.06.12 10:39:41 | F13: =IF(import!I13="","",import!I13) -> 2014.06.12 10:58:57 | G13: =IF(import!N13="","",import!N13) -> -356.58 | H13: =IF(import!K13="","",import!K13) -> -34.1 | I13: =IF(H13="","",G13-H13) -> -322.48 | J13: Y | K13: =IF(import!AA13="","",import!AA13) -> -5.2 | L13: -6 | M13: 13 | N13: SL-PROB | O13: =IF(import!Y13="","",import!Y13) -> Sell | T13: -5.2 | U13: =T13-K13 -> 0 | V13: -5.2
A14: =A13 | B14: =IF(import!A14="","",import!A14) -> 1988730846 | C14: =IF(import!E14="","",import!E14) -> EURJPY | D14: =IF(import!D14="","",import!D14) -> 7 | E14: =IF(import!B14="","",import!B14) -> 2014.06.12 09:50:42 | F14: =IF(import!I14="","",import!I14) -> 2014.06.12 09:56:02 | G14: =IF(import!N14="","",import!N14) -> 514.31 | H14: =IF(import!K14="","",import!K14) -> -34.12 | I14: =IF(H14="","",G14-H14) -> 548.43 | J14: Y | K14: =IF(import!AA14="","",import!AA14) -> 7.5 | L14: 0 | M14: 9 | N14: TS / FR | O14: =IF(import!Y14="","",import!Y14) -> Buy | T14: 7.5 | U14: =T14-K14 -> 0 | V14: 7.5
A15: =A14 | B15: =IF(import!A15="","",import!A15) -> 1988737641 | C15: =IF(import!E15="","",import!E15) -> EURAUD | D15: =IF(import!D15="","",import!D15) -> 11.32 | E15: =IF(import!B15="","",import!B15) -> 2014.06.12 10:35:57 | F15: =IF(import!I15="","",import!I15) -> 2014.06.12 11:05:04 | G15: =IF(import!N15="","",import!N15) -> -1084.98 | H15: =IF(import!K15="","",import!K15) -> -55.15 | I15: =IF(H15="","",G15-H15) -> -1029.83 | J15: N | K15: =IF(import!AA15="","",import!AA15) -> -10.2 | M15: 0 | N15: LATE ENTER | O15: =IF(import!Y15="","",import!Y15) -> Sell | T15: -10.2 | U15: =T15-K15 -> 0 | V15: -10.2
A16: =A15 | B16: =IF(import!A16="","",import!A16) -> 1988738059 | C16: =IF(import!E16="","",import!E16) -> EURCAD | D16: =IF(import!D16="","",import!D16) -> 10.4 | E16: =IF(import!B16="","",import!B16) -> 2014.06.12 10:39:23 | F16: =IF(import!I16="","",import!I16) -> 2014.06.12 11:09:54 | G16: =IF(import!N16="","",import!N16) -> 928.88 | H16: =IF(import!K16="","",import!K16) -> -50.66 | I16: =IF(H16="","",G16-H16) -> 979.54 | J16: Y | K16: =IF(import!AA16="","",import!AA16) -> 9.7 | L16: -1.3 | M16: 17.6 | O16: =IF(import!Y16="","",import!Y16) -> Sell | T16: 9.7 | U16: =T16-K16 -> 0 | V16: 9.7
A17: =A16 | B17: =IF(import!A17="","",import!A17) -> 1988743176 | C17: =IF(import!E17="","",import!E17) -> EURAUD | D17: =IF(import!D17="","",import!D17) -> 11.32 | E17: =IF(import!B17="","",import!B17) -> 2014.06.12 12:30:49 | F17: =IF(import!I17="","",import!I17) -> 2014.06.12 12:36:16 | G17: =IF(import!N17="","",import!N17) -> 1032.11 | H17: =IF(import!K17="","",import!K17) -> -55.12 | I17: =IF(H17="","",G17-H17) -> 1087.23 | J17: Y | K17: =IF(import!AA17="","",import!AA17) -> 9.7 | L17: 0 | M17: 22 | N17: TS | O17: =IF(import!Y17="","",import!Y17) -> Sell | T17: 9.7 | U17: =T17-K17 -> 0 | V17: 9.7
A18: =A17 | B18: =IF(import!A18="","",import!A18) -> 1988760877 | C18: =IF(import!E18="","",import!E18) -> EURJPY | D18: =IF(import!D18="","",import!D18) -> 11 | E18: =IF(import!B18="","",import!B18) -> 2014.06.13 07:06:40 | F18: =IF(import!I18="","",import!I18) -> 2014.06.13 09:24:15 | G18: =IF(import!N18="","",import!N18) -> 2684.16 | H18: =IF(import!K18="","",import!K18) -> -53.7 | I18: =IF(H18="","",G18-H18) -> 2737.86 | J18: N | K18: =IF(import!AA18="","",import!AA18) -> 24.9 | N18: TS | O18: =IF(import!Y18="","",import!Y18) -> Buy | P18: DD: 13.6.14 | T18: 24.9 | U18: =T18-K18 -> 0 | V18: 24.9
A19: =A18 | B19: =IF(import!A19="","",import!A19) -> 1988768295 | C19: =IF(import!E19="","",import!E19) -> GBPJPY | D19: =IF(import!D19="","",import!D19) -> 10.94 | E19: =IF(import!B19="","",import!B19) -> 2014.06.12 15:31:37 | F19: =IF(import!I19="","",import!I19) -> 2014.06.12 15:34:03 | G19: =IF(import!N19="","",import!N19) -> -1137.01 | H19: =IF(import!K19="","",import!K19) -> -66.32 | I19: =IF(H19="","",G19-H19) -> -1070.69 | J19: Y | K19: =IF(import!AA19="","",import!AA19) -> -10.6 | M19: 4.6 | N19: TRAIL-PROB | O19: =IF(import!Y19="","",import!Y19) -> Buy | T19: -10.6 | U19: =T19-K19 -> 0 | V19: -10.6
A20: =A19 | B20: =IF(import!A20="","",import!A20) -> 1988770866 | C20: =IF(import!E20="","",import!E20) -> EURJPY | D20: =IF(import!D20="","",import!D20) -> 7.13 | E20: =IF(import!B20="","",import!B20) -> 2014.06.12 15:44:50 | F20: =IF(import!I20="","",import!I20) -> 2014.06.12 15:45:53 | G20: =IF(import!N20="","",import!N20) -> 97.84 | H20: =IF(import!K20="","",import!K20) -> -34.74 | I20: =IF(H20="","",G20-H20) -> 132.58 | J20: N | K20: =IF(import!AA20="","",import!AA20) -> 1.4 | N20: MIS | O20: =IF(import!Y20="","",import!Y20) -> Buy | T20: 1.4 | U20: =T20-K20 -> 0 | V20: 1.4
A21: =A20 | B21: =IF(import!A21="","",import!A21) -> 1988771444 | C21: =IF(import!E21="","",import!E21) -> EURJPY | D21: =IF(import!D21="","",import!D21) -> 11 | E21: =IF(import!B21="","",import!B21) -> 2014.06.12 15:48:17 | F21: =IF(import!I21="","",import!I21) -> 2014.06.12 15:59:34 | G21: =IF(import!N21="","",import!N21) -> 172.57 | H21: =IF(import!K21="","",import!K21) -> -53.6 | I21: =IF(H21="","",G21-H21) -> 226.17 | J21: N | K21: =IF(import!AA21="","",import!AA21) -> 1.6 | L21: -7.4 | M21: 3.3 | N21: LATE ENTER | O21: =IF(import!Y21="","",import!Y21) -> Buy | T21: 1.6 | U21: =T21-K21 -> 0 | V21: 1.6
A22: =A21 | B22: =IF(import!A22="","",import!A22) -> 1988774262 | C22: =IF(import!E22="","",import!E22) -> EURCAD | D22: =IF(import!D22="","",import!D22) -> 7.62 | E22: =IF(import!B22="","",import!B22) -> 2014.06.12 16:08:44 | F22: =IF(import!I22="","",import!I22) -> 2014.06.12 16:22:58 | G22: =IF(import!N22="","",import!N22) -> 49.1 | H22: =IF(import!K22="","",import!K22) -> -37.15 | I22: =IF(H22="","",G22-H22) -> 86.25 | J22: Y | K22: =IF(import!AA22="","",import!AA22) -> 0.7 | L22: 4.6 | M22: 5 | N22: TRAIL-PROB | O22: =IF(import!Y22="","",import!Y22) -> Buy | T22: 0.7 | U22: =T22-K22 -> 0 | V22: 0.7
A23: =A22 | B23: =IF(import!A23="","",import!A23) -> 1988776015 | C23: =IF(import!E23="","",import!E23) -> EURCAD | D23: =IF(import!D23="","",import!D23) -> 5 | E23: =IF(import!B23="","",import!B23) -> 2014.06.12 16:24:28 | F23: =IF(import!I23="","",import!I23) -> 2014.06.12 16:33:25 | G23: =IF(import!N23="","",import!N23) -> -464.95 | H23: =IF(import!K23="","",import!K23) -> -24.37 | I23: =IF(H23="","",G23-H23) -> -440.58 | J23: N | K23: =IF(import!AA23="","",import!AA23) -> -10.1 | M23: 4.7 | N23: TRAIL-PROB | O23: =IF(import!Y23="","",import!Y23) -> Buy | P23: RE-ENTRY | T23: -10.1 | U23: =T23-K23 -> 0 | V23: -10.1
A24: =A23 | B24: =IF(import!A24="","",import!A24) -> 1988780302 | C24: =IF(import!E24="","",import!E24) -> EURCAD | D24: =IF(import!D24="","",import!D24) -> 11.31 | E24: =IF(import!B24="","",import!B24) -> 2014.06.12 17:01:14 | F24: =IF(import!I24="","",import!I24) -> 2014.06.12 17:03:42 | G24: =IF(import!N24="","",import!N24) -> 375.15 | H24: =IF(import!K24="","",import!K24) -> -55.14 | I24: =IF(H24="","",G24-H24) -> 430.29 | J24: Y | K24: =IF(import!AA24="","",import!AA24) -> 3.6 | L24: -5 | M24: 8.5 | N24: TRAIL-PROB | O24: =IF(import!Y24="","",import!Y24) -> Sell | T24: 3.6 | U24: =T24-K24 -> 0 | V24: 3.6
A25: 41803 | B25: =IF(import!A25="","",import!A25) -> 1988903457 | C25: =IF(import!E25="","",import!E25) -> EURAUD | D25: =IF(import!D25="","",import!D25) -> 11.73 | E25: =IF(import!B25="","",import!B25) -> 2014.06.13 15:50:39 | F25: =IF(import!I25="","",import!I25) -> 2014.06.13 15:50:53 | G25: =IF(import!N25="","",import!N25) -> 187.19 | H25: =IF(import!K25="","",import!K25) -> -57.17 | I25: =IF(H25="","",G25-H25) -> 244.36 | J25: Y | K25: =IF(import!AA25="","",import!AA25) -> 1.7 | M25: 3.9 | N25: TS | O25: =IF(import!Y25="","",import!Y25) -> Buy | T25: 1.7 | U25: =T25-K25 -> 0 | V25: 1.7
A26: =A25 | B26: =IF(import!A26="","",import!A26) -> 1988903669 | C26: =IF(import!E26="","",import!E26) -> EURJPY | D26: =IF(import!D26="","",import!D26) -> 11.26 | E26: =IF(import!B26="","",import!B26) -> 2014.06.13 16:06:34 | F26: =IF(import!I26="","",import!I26) -> 2014.06.13 16:17:36 | G26: =IF(import!N26="","",import!N26) -> 1102.74 | H26: =IF(import!K26="","",import!K26) -> -54.88 | I26: =IF(H26="","",G26-H26) -> 1157.62 | J26: Y | K26: =IF(import!AA26="","",import!AA26) -> 10 | M26: 12 | N26: TP | O26: =IF(import!Y26="","",import!Y26) -> Buy | T26: 10 | U26: =T26-K26 -> 0 | V26: 10
A27: =A26 | B27: =IF(import!A27="","",import!A27) -> 1988913759 | C27: =IF(import!E27="","",import!E27) -> EURCAD | D27: =IF(import!D27="","",import!D27) -> 12.22 | E27: =IF(import!B27="","",import!B27) -> 2014.06.13 17:49:23 | F27: =IF(import!I27="","",import!I27) -> 2014.06.13 17:51:51 | G27: =IF(import!N27="","",import!N27) -> 89.97 | H27: =IF(import!K27="","",import!K27) -> -59.52 | I27: =IF(H27="","",G27-H27) -> 149.49 | J27: Y | K27: =IF(import!AA27="","",import!AA27) -> 0.8 | M27: 5.2 | N27: TRAIL-PROB | O27: =IF(import!Y27="","",import!Y27) -> Sell | T27: 0.8 | U27: =T27-K27 -> 0 | V27: 0.8
A28: =A27 | B28: =IF(import!A28="","",import!A28) -> 1988921979 | C28: =IF(import!E28="","",import!E28) -> EURCAD | D28: =IF(import!D28="","",import!D28) -> 12.23 | E28: =IF(import!B28="","",import!B28) -> 2014.06.13 18:37:13 | F28: =IF(import!I28="","",import!I28) -> 2014.06.13 18:59:49 | G28: =IF(import!N28="","",import!N28) -> 270.06 | H28: =IF(import!K28="","",import!K28) -> -59.56 | I28: =IF(H28="","",G28-H28) -> 329.62 | J28: Y | K28: =IF(import!AA28="","",import!AA28) -> 2.4 | L28: -6 | M28: 7 | N28: TRAIL-PROB | O28: =IF(import!Y28="","",import!Y28) -> Sell | T28: 2.4 | U28: =T28-K28 -> 0 | V28: 2.4
A29: 41806 | B29: =IF(import!A29="","",import!A29) -> 1989009504 | C29: =IF(import!E29="","",import!E29) -> GBPJPY | D29: =IF(import!D29="","",import!D29) -> 11.51 | E29: =IF(import!B29="","",import!B29) -> 2014.06.16 12:19:30 | F29: =IF(import!I29="","",import!I29) -> 2014.06.16 12:33:20 | G29: =IF(import!N29="","",import!N29) -> 169.47 | H29: =IF(import!K29="","",import!K29) -> -70.29 | I29: =IF(H29="","",G29-H29) -> 239.76 | J29: Y | K29: =IF(import!AA29="","",import!AA29) -> 1.5 | L29: -5.9 | M29: 16.5 | N29: TS | O29: =IF(import!Y29="","",import!Y29) -> Sell | T29: 1.5 | U29: =T29-K29 -> 0 | V29: 1.5
A30: =A29 | B30: =IF(import!A30="","",import!A30) -> 1989009922 | C30: =IF(import!E30="","",import!E30) -> EURCAD | D30: =IF(import!D30="","",import!D30) -> 12.28 | E30: =IF(import!B30="","",import!B30) -> 2014.06.16 11:42:45 | F30: =IF(import!I30="","",import!I30) -> 2014.06.16 12:04:19 | G30: =IF(import!N30="","",import!N30) -> 508.43 | H30: =IF(import!K30="","",import!K30) -> -59.8 | I30: =IF(H30="","",G30-H30) -> 568.23 | J30: Y | K30: =IF(import!AA30="","",import!AA30) -> 4.5 | L30: -1.5 | M30: 15.9 | N30: TS | O30: =IF(import!Y30="","",import!Y30) -> Buy | T30: 4.5 | U30: =T30-K30 -> 0 | V30: 4.5
A31: =A30 | B31: =IF(import!A31="","",import!A31) -> 1989013486 | C31: =IF(import!E31="","",import!E31) -> EURAUD | D31: =IF(import!D31="","",import!D31) -> 12.13 | E31: =IF(import!B31="","",import!B31) -> 2014.06.16 12:56:43 | F31: =IF(import!I31="","",import!I31) -> 2014.06.16 12:59:28 | G31: =IF(import!N31="","",import!N31) -> 238.96 | H31: =IF(import!K31="","",import!K31) -> -59.08 | I31: =IF(H31="","",G31-H31) -> 298.04 | J31: Y | K31: =IF(import!AA31="","",import!AA31) -> 2.1 | L31: 0 | M31: 16 | N31: TS | O31: =IF(import!Y31="","",import!Y31) -> Buy | T31: 2.1 | U31: =T31-K31 -> 0 | V31: 2.1
A32: =A31 | B32: =IF(import!A32="","",import!A32) -> 1989018302 | C32: =IF(import!E32="","",import!E32) -> GBPJPY | D32: =IF(import!D32="","",import!D32) -> 11.66 | E32: =IF(import!B32="","",import!B32) -> 2014.06.16 13:11:58 | F32: =IF(import!I32="","",import!I32) -> 2014.06.16 13:25:29 | G32: =IF(import!N32="","",import!N32) -> 240.27 | H32: =IF(import!K32="","",import!K32) -> -71.23 | I32: =IF(H32="","",G32-H32) -> 311.5 | J32: N | K32: =IF(import!AA32="","",import!AA32) -> 2.1 | L32: -5.9 | M32: 16.5 | N32: TS | O32: =IF(import!Y32="","",import!Y32) -> Sell | T32: 2.1 | U32: =T32-K32 -> 0 | V32: 2.1
A33: =A32 | B33: =IF(import!A33="","",import!A33) -> 1989020950 | C33: =IF(import!E33="","",import!E33) -> EURAUD | D33: =IF(import!D33="","",import!D33) -> 12.23 | E33: =IF(import!B33="","",import!B33) -> 2014.06.16 13:46:00 | F33: =IF(import!I33="","",import!I33) -> 2014.06.16 13:46:56 | G33: =IF(import!N33="","",import!N33) -> 160.67 | H33: =IF(import!K33="","",import!K33) -> -59.62 | I33: =IF(H33="","",G33-H33) -> 220.29 | J33: Y | K33: =IF(import!AA33="","",import!AA33) -> 1.4 | L33: 0 | M33: 6 | N33: TS | O33: =IF(import!Y33="","",import!Y33) -> Buy | T33: 1.4 | U33: =T33-K33 -> 0 | V33: 1.4
A34: =A33 | B34: =IF(import!A34="","",import!A34) -> 1989023314 | C34: =IF(import!E34="","",import!E34) -> EURJPY | D34: =IF(import!D34="","",import!D34) -> 5.85 | E34: =IF(import!B34="","",import!B34) -> 2014.06.16 14:19:18 | F34: =IF(import!I34="","",import!I34) -> 2014.06.16 14:43:37 | G34: =IF(import!N34="","",import!N34) -> 293 | H34: =IF(import!K34="","",import!K34) -> -28.52 | I34: =IF(H34="","",G34-H34) -> 321.52 | J34: Y | K34: =IF(import!AA34="","",import!AA34) -> 5.1 | L34: 1 | M34: 12.8 | N34: TP | O34: =IF(import!Y34="","",import!Y34) -> Sell | P34: LATE 14:00 – 1%RISK | T34: 5.1 | U34: =T34-K34 -> 0 | V34: 5.1
A35: 41807 | B35: =IF(import!A35="","",import!A35) -> 1989116313 | C35: =IF(import!E35="","",import!E35) -> GBPJPY | D35: =IF(import!D35="","",import!D35) -> 11.77 | E35: =IF(import!B35="","",import!B35) -> 2014.06.17 10:05:57 | F35: =IF(import!I35="","",import!I35) -> 2014.06.17 10:09:58 | G35: =IF(import!N35="","",import!N35) -> 253.98 | H35: =IF(import!K35="","",import!K35) -> -71.95 | I35: =IF(H35="","",G35-H35) -> 325.93 | J35: Y | K35: =IF(import!AA35="","",import!AA35) -> 2.2 | L35: -5.4 | M35: 2.8 | N35: TS | O35: =IF(import!Y35="","",import!Y35) -> Buy | P35: 1.5H VOOR NIEUWS | T35: 2.2 | U35: =T35-K35 -> 0 | V35: 2.2
A36: =A35 | B36: =IF(import!A36="","",import!A36) -> 1989116327 | C36: =IF(import!E36="","",import!E36) -> EURJPY | D36: =IF(import!D36="","",import!D36) -> 11.77 | E36: =IF(import!B36="","",import!B36) -> 2014.06.17 10:12:37 | F36: =IF(import!I36="","",import!I36) -> 2014.06.17 10:51:41 | G36: =IF(import!N36="","",import!N36) -> 530.64 | H36: =IF(import!K36="","",import!K36) -> -57.47 | I36: =IF(H36="","",G36-H36) -> 588.11 | J36: Y | K36: =IF(import!AA36="","",import!AA36) -> 4.6 | L36: -7.3 | M36: 6.4 | N36: TS | O36: =IF(import!Y36="","",import!Y36) -> Buy | P36: 1H VOOR NIEUWS – WUKAR 1.2 | T36: 4.6 | U36: =T36-K36 -> 0 | V36: 4.6
A37: =A36 | B37: =IF(import!A37="","",import!A37) -> 1989118057 | C37: =IF(import!E37="","",import!E37) -> EURAUD | D37: =IF(import!D37="","",import!D37) -> 12.4 | E37: =IF(import!B37="","",import!B37) -> 2014.06.17 10:19:58 | F37: =IF(import!I37="","",import!I37) -> 2014.06.17 10:20:18 | G37: =IF(import!N37="","",import!N37) -> 208.46 | H37: =IF(import!K37="","",import!K37) -> -60.55 | I37: =IF(H37="","",G37-H37) -> 269.01 | J37: Y | K37: =IF(import!AA37="","",import!AA37) -> 1.8 | L37: -1.8 | M37: 5 | N37: TS | O37: =IF(import!Y37="","",import!Y37) -> Buy | T37: 1.8 | U37: =T37-K37 -> 0 | V37: 1.8
A38: =A37 | B38: =IF(import!A38="","",import!A38) -> 1989138586 | C38: =IF(import!E38="","",import!E38) -> EURJPY | D38: =IF(import!D38="","",import!D38) -> 11.94 | E38: =IF(import!B38="","",import!B38) -> 2014.06.17 13:15:23 | F38: =IF(import!I38="","",import!I38) -> 2014.06.17 13:31:14 | G38: =IF(import!N38="","",import!N38) -> -1147.71 | H38: =IF(import!K38="","",import!K38) -> -58.33 | I38: =IF(H38="","",G38-H38) -> -1089.38 | J38: Y | K38: =IF(import!AA38="","",import!AA38) -> -9.8 | M38: 0.5 | N38: SL | O38: =IF(import!Y38="","",import!Y38) -> Buy | T38: -9.8 | U38: =T38-K38 -> 0 | V38: -9.8
A39: 41808 | B39: =IF(import!A39="","",import!A39) -> 1989232618 | C39: =IF(import!E39="","",import!E39) -> GBPJPY | D39: =IF(import!D39="","",import!D39) -> 11.73 | E39: =IF(import!B39="","",import!B39) -> 2014.06.18 09:48:57 | F39: =IF(import!I39="","",import!I39) -> 2014.06.18 10:00:00 | G39: =IF(import!N39="","",import!N39) -> -1020.72 | H39: =IF(import!K39="","",import!K39) -> -71.66 | I39: =IF(H39="","",G39-H39) -> -949.06 | J39: N | K39: =IF(import!AA39="","",import!AA39) -> -8.9 | M39: 0.6 | N39: SL | O39: =IF(import!Y39="","",import!Y39) -> Buy | P39: 2ND LEVEL | Q39: FR | S39: /home/micha/.wine/dosdevices/c:/Program Files/MetaTrader ECN - FXOpen/trades/gbpjpym15-18-6-a_b.png | T39: -8.9 | U39: =T39-K39 -> 0 | V39: -8.9
A40: =A39 | B40: =IF(import!A40="","",import!A40) -> 1989236184 | C40: =IF(import!E40="","",import!E40) -> GBPJPY | D40: =IF(import!D40="","",import!D40) -> 11.5 | E40: =IF(import!B40="","",import!B40) -> 2014.06.18 10:02:35 | F40: =IF(import!I40="","",import!I40) -> 2014.06.18 10:14:32 | G40: =IF(import!N40="","",import!N40) -> 348.7 | H40: =IF(import!K40="","",import!K40) -> -70.28 | I40: =IF(H40="","",G40-H40) -> 418.98 | J40: N | K40: =IF(import!AA40="","",import!AA40) -> 3.1 | L40: -4 | M40: 6 | N40: TS | O40: =IF(import!Y40="","",import!Y40) -> Buy | P40: 1H FOUT – DAN NIEUWS | Q40: LO | S40: /home/micha/.wine/dosdevices/c:/Program Files/MetaTrader ECN - FXOpen/trades/gbpjpym15-18-6-a_b.png | T40: 3.1 | U40: =T40-K40 -> 0 | V40: 3.1
A41: =A40 | B41: =IF(import!A41="","",import!A41) -> 1989236489 | C41: =IF(import!E41="","",import!E41) -> EURJPY | D41: =IF(import!D41="","",import!D41) -> 11.5 | E41: =IF(import!B41="","",import!B41) -> 2014.06.18 11:05:58 | F41: =IF(import!I41="","",import!I41) -> 2014.06.18 11:15:51 | G41: =IF(import!N41="","",import!N41) -> 607.43 | H41: =IF(import!K41="","",import!K41) -> -56.09 | I41: =IF(H41="","",G41-H41) -> 663.52 | J41: Y | K41: =IF(import!AA41="","",import!AA41) -> 5.4 | L41: 0 | M41: 6.5 | N41: TP | O41: =IF(import!Y41="","",import!Y41) -> Buy | P41: TP-MANUAL | Q41: LO | S41: /home/micha/.wine/dosdevices/c:/Program Files/MetaTrader ECN - FXOpen/trades/eurjpym15-18-6-a.png | T41: 5.4 | U41: =T41-K41 -> 0 | V41: 5.4
A42: =A41 | B42: =IF(import!A42="","",import!A42) -> 1989238373 | C42: =IF(import!E42="","",import!E42) -> EURAUD | D42: =IF(import!D42="","",import!D42) -> 12.1 | E42: =IF(import!B42="","",import!B42) -> 2014.06.18 10:45:21 | F42: =IF(import!I42="","",import!I42) -> 2014.06.18 11:25:02 | G42: =IF(import!N42="","",import!N42) -> 463.2 | H42: =IF(import!K42="","",import!K42) -> -59.02 | I42: =IF(H42="","",G42-H42) -> 522.22 | J42: Y | K42: =IF(import!AA42="","",import!AA42) -> 4.1 | L42: -8.1 | M42: 5.4 | N42: TRAIL-PROB | O42: =IF(import!Y42="","",import!Y42) -> Buy | Q42: LO | S42: /home/micha/.wine/dosdevices/c:/Program Files/MetaTrader ECN - FXOpen/trades/euraudm15-18-6-a.png | T42: 4.1 | U42: =T42-K42 -> 0 | V42: 4.1
A43: =A42 | B43: =IF(import!A43="","",import!A43) -> 1989243013 | C43: =IF(import!E43="","",import!E43) -> EURCAD | D43: =IF(import!D43="","",import!D43) -> 12.29 | E43: =IF(import!B43="","",import!B43) -> 2014.06.18 11:55:18 | F43: =IF(import!I43="","",import!I43) -> 2014.06.18 12:15:47 | G43: =IF(import!N43="","",import!N43) -> 441.19 | H43: =IF(import!K43="","",import!K43) -> -59.98 | I43: =IF(H43="","",G43-H43) -> 501.17 | J43: Y | K43: =IF(import!AA43="","",import!AA43) -> 3.9 | L43: -5 | M43: 5.7 | N43: TS | O43: =IF(import!Y43="","",import!Y43) -> Buy | P43: TP-PROB? | Q43: LO | S43: /home/micha/.wine/dosdevices/c:/Program Files/MetaTrader ECN - FXOpen/trades/eurcadm15-18-6-a.png | T43: 3.9 | U43: =T43-K43 -> 0 | V43: 3.9
A44: =A43 | B44: =IF(import!A44="","",import!A44) -> 1989252295 | C44: =IF(import!E44="","",import!E44) -> EURAUD | D44: =IF(import!D44="","",import!D44) -> 12.31 | E44: =IF(import!B44="","",import!B44) -> 2014.06.18 12:56:04 | F44: =IF(import!I44="","",import!I44) -> 2014.06.18 13:38:12 | G44: =IF(import!N44="","",import!N44) -> 126.51 | H44: =IF(import!K44="","",import!K44) -> -60.09 | I44: =IF(H44="","",G44-H44) -> 186.6 | J44: Y | K44: =IF(import!AA44="","",import!AA44) -> 1.1 | L44: -9.4 | M44: 6 | O44: =IF(import!Y44="","",import!Y44) -> Buy | Q44: LO | S44: /home/micha/.wine/dosdevices/c:/Program Files/MetaTrader ECN - FXOpen/trades/euraudm15-18-6-b.png | T44: 1.1 | U44: =T44-K44 -> 0 | V44: 1.1
A45: =A44 | B45: =IF(import!A45="","",import!A45) -> 1989252381 | C45: =IF(import!E45="","",import!E45) -> EURJPY | D45: =IF(import!D45="","",import!D45) -> 11.75 | E45: =IF(import!B45="","",import!B45) -> 2014.06.18 12:02:50 | F45: =IF(import!I45="","",import!I45) -> 2014.06.18 12:15:47 | G45: =IF(import!N45="","",import!N45) -> 815.93 | H45: =IF(import!K45="","",import!K45) -> -57.34 | I45: =IF(H45="","",G45-H45) -> 873.27 | J45: Y | K45: =IF(import!AA45="","",import!AA45) -> 7.1 | L45: -0.4 | M45: 7.8 | N45: TP | O45: =IF(import!Y45="","",import!Y45) -> Buy | P45: TP MANUAL | Q45: LO | S45: /home/micha/.wine/dosdevices/c:/Program Files/MetaTrader ECN - FXOpen/trades/eurjpym15-18-6-b.png | T45: 7.1 | U45: =T45-K45 -> 0 | V45: 7.1
A46: =A45 | B46: =IF(import!A46="","",import!A46) -> 1989269764 | C46: =IF(import!E46="","",import!E46) -> EURCAD | D46: =IF(import!D46="","",import!D46) -> 12.76 | E46: =IF(import!B46="","",import!B46) -> 2014.06.18 16:47:24 | F46: =IF(import!I46="","",import!I46) -> 2014.06.18 16:52:54 | G46: =IF(import!N46="","",import!N46) -> 46.97 | H46: =IF(import!K46="","",import!K46) -> -62.36 | I46: =IF(H46="","",G46-H46) -> 109.33 | J46: Y | K46: =IF(import!AA46="","",import!AA46) -> 0.4 | L46: -0.4 | M46: 4.7 | N46: TRAIL-PROB | O46: =IF(import!Y46="","",import!Y46) -> Buy | P46: ORIG. WUKAR+WHEELBARREL_5.5 TP | Q46: NY | S46: /home/micha/.wine/dosdevices/c:/Program Files/MetaTrader ECN - FXOpen/trades/eurcadm15-18-6-b.png | T46: 0.4 | U46: =T46-K46 -> 0 | V46: 0.4
A47: =A46 | B47: =IF(import!A47="","",import!A47) -> 1989269826 | C47: =IF(import!E47="","",import!E47) -> EURAUD | D47: =IF(import!D47="","",import!D47) -> 12.57 | E47: =IF(import!B47="","",import!B47) -> 2014.06.18 16:36:23 | F47: =IF(import!I47="","",import!I47) -> 2014.06.18 17:04:30 | G47: =IF(import!N47="","",import!N47) -> 164.41 | H47: =IF(import!K47="","",import!K47) -> -61.42 | I47: =IF(H47="","",G47-H47) -> 225.83 | J47: Y | K47: =IF(import!AA47="","",import!AA47) -> 1.4 | L47: -3.6 | M47: 5.4 | N47: TRAIL-PROB | O47: =IF(import!Y47="","",import!Y47) -> Buy | P47: DAN NIEUWE WUKAR 1-3-2E | Q47: NY | S47: /home/micha/.wine/dosdevices/c:/Program Files/MetaTrader ECN - FXOpen/trades/euraudm15-18-6-c.png | T47: 1.4 | U47: =T47-K47 -> 0 | V47: 1.4
A48: 41809 | B48: =IF(import!A48="","",import!A48) -> 1989366936 | C48: =IF(import!E48="","",import!E48) -> EURJPY | D48: =IF(import!D48="","",import!D48) -> 11.96 | E48: =IF(import!B48="","",import!B48) -> 2014.06.19 11:06:34 | F48: =IF(import!I48="","",import!I48) -> 2014.06.19 11:15:00 | G48: =IF(import!N48="","",import!N48) -> 681.51 | H48: =IF(import!K48="","",import!K48) -> -58.68 | I48: =IF(H48="","",G48-H48) -> 740.19 | J48: Y | K48: =IF(import!AA48="","",import!AA48) -> 5.8 | L48: -2.6 | M48: 14.3 | N48: TP | O48: =IF(import!Y48="","",import!Y48) -> Buy | Q48: LO-2 | S48: /home/micha/.wine/dosdevices/c:/Program Files/MetaTrader ECN - FXOpen/trades/eurjpym5-19-6-a.png | T48: 5.8 | U48: =T48-K48 -> 0 | V48: 5.8
A49: =A48 | B49: =IF(import!A49="","",import!A49) -> 1989367531 | C49: =IF(import!E49="","",import!E49) -> EURCAD | D49: =IF(import!D49="","",import!D49) -> 12.72 | E49: =IF(import!B49="","",import!B49) -> 2014.06.19 11:08:08 | F49: =IF(import!I49="","",import!I49) -> 2014.06.19 11:20:38 | G49: =IF(import!N49="","",import!N49) -> 729.15 | H49: =IF(import!K49="","",import!K49) -> -62.42 | I49: =IF(H49="","",G49-H49) -> 791.57 | J49: N | K49: =IF(import!AA49="","",import!AA49) -> 6.2 | L49: -4.9 | M49: 6.7 | N49: TP | O49: =IF(import!Y49="","",import!Y49) -> Buy | P49: 2ND LEVEL | Q49: LO-2 | S49: /home/micha/.wine/dosdevices/c:/Program Files/MetaTrader ECN - FXOpen/trades/eurcadm15-19-6-a.png | T49: 6.2 | U49: =T49-K49 -> 0 | V49: 6.2
A50: =A49 | B50: =IF(import!A50="","",import!A50) -> 1989380199 | C50: =IF(import!E50="","",import!E50) -> GBPJPY | D50: =IF(import!D50="","",import!D50) -> 12.23 | E50: =IF(import!B50="","",import!B50) -> 2014.06.19 12:16:48 | F50: =IF(import!I50="","",import!I50) -> 2014.06.19 12:37:13 | G50: =IF(import!N50="","",import!N50) -> -1201.87 | H50: =IF(import!K50="","",import!K50) -> -74.97 | I50: =IF(H50="","",G50-H50) -> -1126.9 | J50: Y | K50: =IF(import!AA50="","",import!AA50) -> -10 | M50: 2.9 | N50: SL | O50: =IF(import!Y50="","",import!Y50) -> Buy | P50: IETS TE LAAT ERIN | Q50: LO-3 | S50: /home/micha/.wine/dosdevices/c:/Program Files/MetaTrader ECN - FXOpen/trades/eurjpym15-19-6-b.png | T50: -10 | U50: =T50-K50 -> 0 | V50: -9.9
A51: =A50 | B51: =IF(import!A51="","",import!A51) -> 1989381275 | C51: =IF(import!E51="","",import!E51) -> EURJPY | D51: =IF(import!D51="","",import!D51) -> 12.23 | E51: =IF(import!B51="","",import!B51) -> 2014.06.19 12:15:06 | F51: =IF(import!I51="","",import!I51) -> 2014.06.19 14:48:00 | G51: =IF(import!N51="","",import!N51) -> -1189.12 | H51: =IF(import!K51="","",import!K51) -> -60.05 | I51: =IF(H51="","",G51-H51) -> -1129.07 | J51: Y | K51: =IF(import!AA51="","",import!AA51) -> -9.9 | M51: 0 | N51: SL | O51: =IF(import!Y51="","",import!Y51) -> Buy | P51: 40MIN NA NIEUWS | Q51: LO-3 | S51: /home/micha/.wine/dosdevices/c:/Program Files/MetaTrader ECN - FXOpen/trades/gbpjpym15-19-6-a.png | T51: -9.9 | U51: =T51-K51 -> 0 | V51: -10
A52: =A51 | B52: =IF(import!A52="","",import!A52) -> 1989382180 | C52: =IF(import!E52="","",import!E52) -> EURAUD | D52: =IF(import!D52="","",import!D52) -> 12.74 | E52: =IF(import!B52="","",import!B52) -> 2014.06.19 12:49:11 | F52: =IF(import!I52="","",import!I52) -> 2014.06.19 12:52:53 | G52: =IF(import!N52="","",import!N52) -> 552.17 | H52: =IF(import!K52="","",import!K52) -> -62.53 | I52: =IF(H52="","",G52-H52) -> 614.7 | J52: Y | K52: =IF(import!AA52="","",import!AA52) -> 4.6 | L52: 0 | M52: 16.4 | N52: TP | O52: =IF(import!Y52="","",import!Y52) -> Buy | Q52: LO-3 | T52: 4.6 | U52: =T52-K52 -> 0 | V52: 4.6
A53: =A52 | B53: =IF(import!A53="","",import!A53) -> 1989394943 | C53: =IF(import!E53="","",import!E53) -> EURCAD | D53: =IF(import!D53="","",import!D53) -> 12.83 | E53: =IF(import!B53="","",import!B53) -> 2014.06.19 14:47:05 | F53: =IF(import!I53="","",import!I53) -> 2014.06.19 15:22:55 | G53: =IF(import!N53="","",import!N53) -> -1185.61 | H53: =IF(import!K53="","",import!K53) -> -62.92 | I53: =IF(H53="","",G53-H53) -> -1122.69 | J53: N | K53: =IF(import!AA53="","",import!AA53) -> -10 | M53: 3.7 | N53: SL | O53: =IF(import!Y53="","",import!Y53) -> Buy | P53: 2ND LEVEL, TE LAAT | Q53: LO-5 | S53: /home/micha/.wine/dosdevices/c:/Program Files/MetaTrader ECN - FXOpen/trades/eurcadm5-19-6-b.png | T53: -10 | U53: =T53-K53 -> 0 | V53: -10
A54: =A53 | B54: =IF(import!A54="","",import!A54) -> 1989398971 | C54: =IF(import!E54="","",import!E54) -> GBPJPY | D54: =IF(import!D54="","",import!D54) -> 11.57 | E54: =IF(import!B54="","",import!B54) -> 2014.06.19 16:04:41 | F54: =IF(import!I54="","",import!I54) -> 2014.06.19 16:21:13 | G54: =IF(import!N54="","",import!N54) -> 568.02 | H54: =IF(import!K54="","",import!K54) -> -70.95 | I54: =IF(H54="","",G54-H54) -> 638.97 | J54: Y | K54: =IF(import!AA54="","",import!AA54) -> 5 | L54: -2.3 | M54: 5.4 | N54: TP | O54: =IF(import!Y54="","",import!Y54) -> Buy | Q54: NY-2 | S54: /home/micha/.wine/dosdevices/c:/Program Files/MetaTrader ECN - FXOpen/trades/gbpjpym15-19-6-b.png | T54: 5 | U54: =T54-K54 -> 0 | V54: 5
A55: =A54 | B55: =IF(import!A55="","",import!A55) -> 1989416311 | C55: =IF(import!E55="","",import!E55) -> GBPJPY | D55: =IF(import!D55="","",import!D55) -> 11.67 | E55: =IF(import!B55="","",import!B55) -> 2014.06.19 17:18:20 | F55: =IF(import!I55="","",import!I55) -> 2014.06.19 17:36:39 | G55: =IF(import!N55="","",import!N55) -> 572.73 | H55: =IF(import!K55="","",import!K55) -> -71.61 | I55: =IF(H55="","",G55-H55) -> 644.34 | J55: Y | K55: =IF(import!AA55="","",import!AA55) -> 5 | L55: -2.8 | M55: 14.5 | N55: TP | O55: =IF(import!Y55="","",import!Y55) -> Buy | P55: 2N LEVEL | Q55: NY-3 | S55: /home/micha/.wine/dosdevices/c:/Program Files/MetaTrader ECN - FXOpen/trades/gbpjpym15-19-6-c.png | T55: 5 | U55: =T55-K55 -> 0 | V55: 5
A56: 41810 | B56: =IF(import!A56="","",import!A56) -> 1989511161 | C56: =IF(import!E56="","",import!E56) -> GBPJPY | D56: =IF(import!D56="","",import!D56) -> 11.96 | E56: =IF(import!B56="","",import!B56) -> 2014.06.20 15:18:06 | F56: =IF(import!I56="","",import!I56) -> 2014.06.20 15:21:19 | G56: =IF(import!N56="","",import!N56) -> -1160.38 | H56: =IF(import!K56="","",import!K56) -> -73.37 | I56: =IF(H56="","",G56-H56) -> -1087.01 | J56: Y | K56: =IF(import!AA56="","",import!AA56) -> -9.9 | M56: 2.5 | N56: SL | O56: =IF(import!Y56="","",import!Y56) -> Buy | P56: FR/LO NO TRADES | Q56: NY-1 | S56: /home/micha/.wine/dosdevices/c:/Program Files/MetaTrader ECN - FXOpen/trades/gbpjpym15-20-6-a.png | T56: -9.9 | U56: =T56-K56 -> 0 | V56: -9.9
A57: =A56 | B57: =IF(import!A57="","",import!A57) -> 1989513920 | C57: =IF(import!E57="","",import!E57) -> EURAUD | D57: =IF(import!D57="","",import!D57) -> 12.04 | E57: =IF(import!B57="","",import!B57) -> 2014.06.20 15:35:00 | F57: =IF(import!I57="","",import!I57) -> 2014.06.20 16:31:48 | G57: =IF(import!N57="","",import!N57) -> -1130.4 | H57: =IF(import!K57="","",import!K57) -> -58.84 | I57: =IF(H57="","",G57-H57) -> -1071.56 | J57: N | K57: =IF(import!AA57="","",import!AA57) -> -10 | M57: 1.6 | N57: SL | O57: =IF(import!Y57="","",import!Y57) -> Sell | P57: 2N LEVEL | Q57: NY-1 | S57: /home/micha/.wine/dosdevices/c:/Program Files/MetaTrader ECN - FXOpen/trades/euraudm15-20-6-a.png | T57: -10 | U57: =T57-K57 -> 0 | V57: -10
A58: =A57 | B58: =IF(import!A58="","",import!A58) -> 1989525625 | C58: =IF(import!E58="","",import!E58) -> EURAUD | D58: =IF(import!D58="","",import!D58) -> 11.8 | E58: =IF(import!B58="","",import!B58) -> 2014.06.20 18:15:48 | F58: =IF(import!I58="","",import!I58) -> 2014.06.20 19:56:02 | G58: =IF(import!N58="","",import!N58) -> -1118.78 | H58: =IF(import!K58="","",import!K58) -> -57.69 | I58: =IF(H58="","",G58-H58) -> -1061.09 | J58: Y | K58: =IF(import!AA58="","",import!AA58) -> -10.1 | M58: 3.6 | N58: SL | O58: =IF(import!Y58="","",import!Y58) -> Buy | Q58: NY-4 | S58: /home/micha/.wine/dosdevices/c:/Program Files/MetaTrader ECN - FXOpen/trades/euraudm15-20-6-b.png | T58: -10.1 | U58: =T58-K58 -> 0 | V58: -10
A59: =A58 | B59: =IF(import!A59="","",import!A59) -> 1989533820 | C59: =IF(import!E59="","",import!E59) -> EURJPY | D59: =IF(import!D59="","",import!D59) -> 11.31 | E59: =IF(import!B59="","",import!B59) -> 2014.06.20 18:36:00 | F59: =IF(import!I59="","",import!I59) -> 2014.06.20 21:10:06 | G59: =IF(import!N59="","",import!N59) -> 531.56 | H59: =IF(import!K59="","",import!K59) -> -55.31 | I59: =IF(H59="","",G59-H59) -> 586.87 | J59: Y | K59: =IF(import!AA59="","",import!AA59) -> 4.8 | L59: -7.9 | M59: 6.2 | N59: TP | O59: =IF(import!Y59="","",import!Y59) -> Buy | P59: 2ND LVL MAAR 1STE LVL TE DICHT D.O. | Q59: NY-4 | T59: 4.8 | U59: =T59-K59 -> 0 | V59: 4.8
A60: =A59 | B60: =IF(import!A60="","",import!A60) | C60: =IF(import!E60="","",import!E60) | D60: =IF(import!D60="","",import!D60) | E60: =IF(import!B60="","",import!B60) | F60: =IF(import!I60="","",import!I60) | G60: =IF(import!N60="","",import!N60) | H60: =IF(import!K60="","",import!K60) | I60: =IF(H60=""," ",G60-H60) | K60: =IF(import!AA60="","",import!AA60) | O60: =IF(import!Y60="","",import!Y60)
A61: =A60 | B61: =IF(import!A61="","",import!A61) | C61: =IF(import!E61="","",import!E61) | D61: =IF(import!D61="","",import!D61) | E61: =IF(import!B61="","",import!B61) | F61: =IF(import!I61="","",import!I61) | G61: =IF(import!N61="","",import!N61) | H61: =IF(import!K61="","",import!K61) | I61: =IF(H61="","",G61-H61) | K61: =IF(import!AA61="","",import!AA61) | O61: =IF(import!Y61="","",import!Y61)
A62: =A61 | B62: =IF(import!A62="","",import!A62) | C62: =IF(import!E62="","",import!E62) | D62: =IF(import!D62="","",import!D62) | E62: =IF(import!B62="","",import!B62) | F62: =IF(import!I62="","",import!I62) | G62: =IF(import!N62="","",import!N62) | H62: =IF(import!K62="","",import!K62) | I62: =IF(H62="","",G62-H62) | K62: =IF(import!AA62="","",import!AA62) | O62: =IF(import!Y62="","",import!Y62)
A63: =A62 | B63: =IF(import!A63="","",import!A63) | C63: =IF(import!E63="","",import!E63) | D63: =IF(import!D63="","",import!D63) | E63: =IF(import!B63="","",import!B63) | F63: =IF(import!I63="","",import!I63) | G63: =IF(import!N63="","",import!N63) | H63: =IF(import!K63="","",import!K63) | I63: =IF(H63="","",G63-H63) | K63: =IF(import!AA63="","",import!AA63) | O63: =IF(import!Y63="","",import!Y63)
A64: =A63 | B64: =IF(import!A64="","",import!A64) | C64: =IF(import!E64="","",import!E64) | D64: =IF(import!D64="","",import!D64) | E64: =IF(import!B64="","",import!B64) | F64: =IF(import!I64="","",import!I64) | G64: =IF(import!N64="","",import!N64) | H64: =IF(import!K64="","",import!K64) | I64: =IF(H64="","",G64-H64) | K64: =IF(import!AA64="","",import!AA64) | O64: =IF(import!Y64="","",import!Y64)
A65: =A64 | B65: =IF(import!A65="","",import!A65) | C65: =IF(import!E65="","",import!E65) | D65: =IF(import!D65="","",import!D65) | E65: =IF(import!B65="","",import!B65) | F65: =IF(import!I65="","",import!I65) | G65: =IF(import!N65="","",import!N65) | H65: =IF(import!K65="","",import!K65) | I65: =IF(H65="","",G65-H65) | K65: =IF(import!AA65="","",import!AA65) | O65: =IF(import!Y65="","",import!Y65)
A66: =A65 | B66: =IF(import!A66="","",import!A66) | C66: =IF(import!E66="","",import!E66) | D66: =IF(import!D66="","",import!D66) | E66: =IF(import!B66="","",import!B66) | F66: =IF(import!I66="","",import!I66) | G66: =IF(import!N66="","",import!N66) | H66: =IF(import!K66="","",import!K66) | I66: =IF(H66="","",G66-H66) | K66: =IF(import!AA66="","",import!AA66) | O66: =IF(import!Y66="","",import!Y66)
A67: =A66 | B67: =IF(import!A67="","",import!A67) | C67: =IF(import!E67="","",import!E67) | D67: =IF(import!D67="","",import!D67) | E67: =IF(import!B67="","",import!B67) | F67: =IF(import!I67="","",import!I67) | G67: =IF(import!N67="","",import!N67) | H67: =IF(import!K67="","",import!K67) | I67: =IF(H67="","",G67-H67) | K67: =IF(import!AA67="","",import!AA67) | O67: =IF(import!Y67="","",import!Y67)
A68: =A67 | B68: =IF(import!A68="","",import!A68) | C68: =IF(import!E68="","",import!E68) | D68: =IF(import!D68="","",import!D68) | E68: =IF(import!B68="","",import!B68) | F68: =IF(import!I68="","",import!I68) | G68: =IF(import!N68="","",import!N68) | H68: =IF(import!K68="","",import!K68) | I68: =IF(H68="","",G68-H68) | K68: =IF(import!AA68="","",import!AA68) | O68: =IF(import!Y68="","",import!Y68)
A69: =A68 | B69: =IF(import!A69="","",import!A69) | C69: =IF(import!E69="","",import!E69) | D69: =IF(import!D69="","",import!D69) | E69: =IF(import!B69="","",import!B69) | F69: =IF(import!I69="","",import!I69) | G69: =IF(import!N69="","",import!N69) | H69: =IF(import!K69="","",import!K69) | I69: =IF(H69="","",G69-H69) | K69: =IF(import!AA69="","",import!AA69) | O69: =IF(import!Y69="","",import!Y69)
A70: =A69 | B70: =IF(import!A70="","",import!A70) | C70: =IF(import!E70="","",import!E70) | D70: =IF(import!D70="","",import!D70) | E70: =IF(import!B70="","",import!B70) | F70: =IF(import!I70="","",import!I70) | G70: =IF(import!N70="","",import!N70) | H70: =IF(import!K70="","",import!K70) | I70: =IF(H70="","",G70-H70) | K70: =IF(import!AA70="","",import!AA70) | O70: =IF(import!Y70="","",import!Y70)
A71: =A70 | B71: =IF(import!A71="","",import!A71) | C71: =IF(import!E71="","",import!E71) | D71: =IF(import!D71="","",import!D71) | E71: =IF(import!B71="","",import!B71) | F71: =IF(import!I71="","",import!I71) | G71: =IF(import!N71="","",import!N71) | H71: =IF(import!K71="","",import!K71) | I71: =IF(H71="","",G71-H71) | K71: =IF(import!AA71="","",import!AA71) | O71: =IF(import!Y71="","",import!Y71)
A72: =A71 | B72: =IF(import!A72="","",import!A72) | C72: =IF(import!E72="","",import!E72) | D72: =IF(import!D72="","",import!D72) | E72: =IF(import!B72="","",import!B72) | F72: =IF(import!I72="","",import!I72) | G72: =IF(import!N72="","",import!N72) | H72: =IF(import!K72="","",import!K72) | I72: =IF(H72="","",G72-H72) | K72: =IF(import!AA72="","",import!AA72) | O72: =IF(import!Y72="","",import!Y72)
... A74: =A73 | B74: =IF(import!A74="","",import!A74) | C74: =IF(import!E74="","",import!E74) | D74: =IF(import!D74="","",import!D74) | E74: =IF(import!B74="","",import!B74) | F74: =IF(import!I74="","",import!I74) | G74: =IF(import!N74="","",import!N74) | H74: =IF(import!K74="","",import!K74) | I74: =IF(H74="","",G74-H74) | K74: =IF(import!AA74="","",import!AA74) | O74: =IF(import!Y74="","",import!Y74)
B75: =IF(import!A75="","",import!A75) | C75: =IF(import!E75="","",import!E75) | D75: =IF(import!D75="","",import!D75) | E75: =IF(import!B75="","",import!B75) | F75: =IF(import!I75="","",import!I75) | G75: =IF(import!N75="","",import!N75) | H75: =IF(import!K75="","",import!K75) | I75: =IF(H75="","",G75-H75) | K75: =IF(import!AA75="","",import!AA75) | O75: =IF(import!Y75="","",import!Y75)
B76: =IF(import!A76="","",import!A76) | C76: =IF(import!E76="","",import!E76) | D76: =IF(import!D76="","",import!D76) | E76: =IF(import!B76="","",import!B76) | F76: =IF(import!I76="","",import!I76) | G76: =IF(import!N76="","",import!N76) | H76: =IF(import!K76="","",import!K76) | I76: =IF(H76="","",G76-H76) | K76: =IF(import!AA76="","",import!AA76) | O76: =IF(import!Y76="","",import!Y76)
B77: =IF(import!A77="","",import!A77) | C77: =IF(import!E77="","",import!E77) | D77: =IF(import!D77="","",import!D77) | E77: =IF(import!B77="","",import!B77) | F77: =IF(import!I77="","",import!I77) | G77: =IF(import!N77="","",import!N77) | H77: =IF(import!K77="","",import!K77) | I77: =IF(H77="","",G77-H77) | K77: =IF(import!AA77="","",import!AA77) | O77: =IF(import!Y77="","",import!Y77)
B78: =IF(import!A78="","",import!A78) | C78: =IF(import!E78="","",import!E78) | D78: =IF(import!D78="","",import!D78) | E78: =IF(import!B78="","",import!B78) | F78: =IF(import!I78="","",import!I78) | G78: =IF(import!N78="","",import!N78) | H78: =IF(import!K78="","",import!K78) | I78: =IF(H78="","",G78-H78) | K78: =IF(import!AA78="","",import!AA78) | O78: =IF(import!Y78="","",import!Y78)
B79: =IF(import!A79="","",import!A79) | C79: =IF(import!E79="","",import!E79) | D79: =IF(import!D79="","",import!D79) | E79: =IF(import!B79="","",import!B79) | F79: =IF(import!I79="","",import!I79) | G79: =IF(import!N79="","",import!N79) | H79: =IF(import!K79="","",import!K79) | I79: =IF(H79="","",G79-H79) | K79: =IF(import!AA79="","",import!AA79) | O79: =IF(import!Y79="","",import!Y79)
B80: =IF(import!A80="","",import!A80) | C80: =IF(import!E80="","",import!E80) | D80: =IF(import!D80="","",import!D80) | E80: =IF(import!B80="","",import!B80) | F80: =IF(import!I80="","",import!I80) | G80: =IF(import!N80="","",import!N80) | H80: =IF(import!K80="","",import!K80) | I80: =IF(H80="","",G80-H80) | K80: =IF(import!AA80="","",import!AA80) | O80: =IF(import!Y80="","",import!Y80)
B81: =IF(import!A81="","",import!A81) | C81: =IF(import!E81="","",import!E81) | D81: =IF(import!D81="","",import!D81) | E81: =IF(import!B81="","",import!B81) | F81: =IF(import!I81="","",import!I81) | G81: =IF(import!N81="","",import!N81) | H81: =IF(import!K81="","",import!K81) | I81: =IF(H81="","",G81-H81) | K81: =IF(import!AA81="","",import!AA81) | O81: =IF(import!Y81="","",import!Y81)
B82: =IF(import!A82="","",import!A82) | C82: =IF(import!E82="","",import!E82) | D82: =IF(import!D82="","",import!D82) | E82: =IF(import!B82="","",import!B82) | F82: =IF(import!I82="","",import!I82) | G82: =IF(import!N82="","",import!N82) | H82: =IF(import!K82="","",import!K82) | I82: =IF(H82="","",G82-H82) | K82: =IF(import!AA82="","",import!AA82) | O82: =IF(import!Y82="","",import!Y82)
B83: =IF(import!A83="","",import!A83) | C83: =IF(import!E83="","",import!E83) | D83: =IF(import!D83="","",import!D83) | E83: =IF(import!B83="","",import!B83) | F83: =IF(import!I83="","",import!I83) | G83: =IF(import!N83="","",import!N83) | H83: =IF(import!K83="","",import!K83) | I83: =IF(H83="","",G83-H83) | K83: =IF(import!AA83="","",import!AA83) | O83: =IF(import!Y83="","",import!Y83)
B84: =IF(import!A84="","",import!A84) | C84: =IF(import!E84="","",import!E84) | D84: =IF(import!D84="","",import!D84) | E84: =IF(import!B84="","",import!B84) | F84: =IF(import!I84="","",import!I84) | G84: =IF(import!N84="","",import!N84) | H84: =IF(import!K84="","",import!K84) | I84: =IF(H84="","",G84-H84) | K84: =IF(import!AA84="","",import!AA84) | O84: =IF(import!Y84="","",import!Y84)
B85: =IF(import!A85="","",import!A85) | C85: =IF(import!E85="","",import!E85) | D85: =IF(import!D85="","",import!D85) | E85: =IF(import!B85="","",import!B85) | F85: =IF(import!I85="","",import!I85) | G85: =IF(import!N85="","",import!N85) | H85: =IF(import!K85="","",import!K85) | I85: =IF(H85="","",G85-H85) | K85: =IF(import!AA85="","",import!AA85) | O85: =IF(import!Y85="","",import!Y85)
B86: =IF(import!A86="","",import!A86) | C86: =IF(import!E86="","",import!E86) | D86: =IF(import!D86="","",import!D86) | E86: =IF(import!B86="","",import!B86) | F86: =IF(import!I86="","",import!I86) | G86: =IF(import!N86="","",import!N86) | H86: =IF(import!K86="","",import!K86) | I86: =IF(H86="","",G86-H86) | K86: =IF(import!AA86="","",import!AA86) | O86: =IF(import!Y86="","",import!Y86)
... B501: =IF(import!A501="","",import!A501) | C501: =IF(import!E501="","",import!E501) | D501: =IF(import!D501="","",import!D501) | E501: =IF(import!B501="","",import!B501) | F501: =IF(import!I501="","",import!I501) | G501: =IF(import!N501="","",import!N501) | H501: =IF(import!K501="","",import!K501) | I501: =IF(H501="","",G501-H501) | K501: =IF(import!AA501="","",import!AA501) | O501: =IF(import!Y501="","",import!Y501)
B502: =IF(import!A502="","",import!A502) | C502: =IF(import!E502="","",import!E502) | D502: =IF(import!D502="","",import!D502) | E502: =IF(import!B502="","",import!B502) | F502: =IF(import!I502="","",import!I502) | G502: =IF(import!N502="","",import!N502) | H502: =IF(import!K502="","",import!K502) | K502: =IF(import!AA502="","",import!AA502) | O502: =IF(import!Y502="","",import!Y502)
B503: =IF(import!A503="","",import!A503) | C503: =IF(import!E503="","",import!E503) | D503: =IF(import!D503="","",import!D503) | E503: =IF(import!B503="","",import!B503) | F503: =IF(import!I503="","",import!I503) | G503: =IF(import!N503="","",import!N503) | H503: =IF(import!K503="","",import!K503) | K503: =IF(import!AA503="","",import!AA503) | O503: =IF(import!Y503="","",import!Y503)
B504: =IF(import!A504="","",import!A504) | C504: =IF(import!E504="","",import!E504) | D504: =IF(import!D504="","",import!D504) | E504: =IF(import!B504="","",import!B504) | F504: =IF(import!I504="","",import!I504) | G504: =IF(import!N504="","",import!N504) | H504: =IF(import!K504="","",import!K504) | K504: =IF(import!AA504="","",import!AA504) | O504: =IF(import!Y504="","",import!Y504)
B505: =IF(import!A505="","",import!A505) | C505: =IF(import!E505="","",import!E505) | D505: =IF(import!D505="","",import!D505) | E505: =IF(import!B505="","",import!B505) | F505: =IF(import!I505="","",import!I505) | G505: =IF(import!N505="","",import!N505) | H505: =IF(import!K505="","",import!K505) | K505: =IF(import!AA505="","",import!AA505) | O505: =IF(import!Y505="","",import!Y505)
B506: =IF(import!A506="","",import!A506) | C506: =IF(import!E506="","",import!E506) | D506: =IF(import!D506="","",import!D506) | E506: =IF(import!B506="","",import!B506) | F506: =IF(import!I506="","",import!I506) | G506: =IF(import!N506="","",import!N506) | H506: =IF(import!K506="","",import!K506) | K506: =IF(import!AA506="","",import!AA506) | O506: =IF(import!Y506="","",import!Y506)
B507: =IF(import!A507="","",import!A507) | C507: =IF(import!E507="","",import!E507) | D507: =IF(import!D507="","",import!D507) | E507: =IF(import!B507="","",import!B507) | F507: =IF(import!I507="","",import!I507) | G507: =IF(import!N507="","",import!N507) | H507: =IF(import!K507="","",import!K507) | K507: =IF(import!AA507="","",import!AA507) | O507: =IF(import!Y507="","",import!Y507)
B508: =IF(import!A508="","",import!A508) | C508: =IF(import!E508="","",import!E508) | D508: =IF(import!D508="","",import!D508) | E508: =IF(import!B508="","",import!B508) | F508: =IF(import!I508="","",import!I508) | G508: =IF(import!N508="","",import!N508) | H508: =IF(import!K508="","",import!K508) | K508: =IF(import!AA508="","",import!AA508) | O508: =IF(import!Y508="","",import!Y508)
B509: =IF(import!A509="","",import!A509) | C509: =IF(import!E509="","",import!E509) | D509: =IF(import!D509="","",import!D509) | E509: =IF(import!B509="","",import!B509) | F509: =IF(import!I509="","",import!I509) | G509: =IF(import!N509="","",import!N509) | H509: =IF(import!K509="","",import!K509) | K509: =IF(import!AA509="","",import!AA509) | O509: =IF(import!Y509="","",import!Y509)
B510: =IF(import!A510="","",import!A510) | C510: =IF(import!E510="","",import!E510) | D510: =IF(import!D510="","",import!D510) | E510: =IF(import!B510="","",import!B510) | F510: =IF(import!I510="","",import!I510) | G510: =IF(import!N510="","",import!N510) | H510: =IF(import!K510="","",import!K510) | K510: =IF(import!AA510="","",import!AA510) | O510: =IF(import!Y510="","",import!Y510)
B511: =IF(import!A511="","",import!A511) | C511: =IF(import!E511="","",import!E511) | D511: =IF(import!D511="","",import!D511) | E511: =IF(import!B511="","",import!B511) | F511: =IF(import!I511="","",import!I511) | G511: =IF(import!N511="","",import!N511) | H511: =IF(import!K511="","",import!K511) | K511: =IF(import!AA511="","",import!AA511) | O511: =IF(import!Y511="","",import!Y511)
B512: =IF(import!A512="","",import!A512) | C512: =IF(import!E512="","",import!E512) | D512: =IF(import!D512="","",import!D512) | E512: =IF(import!B512="","",import!B512) | F512: =IF(import!I512="","",import!I512) | G512: =IF(import!N512="","",import!N512) | H512: =IF(import!K512="","",import!K512) | K512: =IF(import!AA512="","",import!AA512) | O512: =IF(import!Y512="","",import!Y512)
B513: =IF(import!A513="","",import!A513) | C513: =IF(import!E513="","",import!E513) | D513: =IF(import!D513="","",import!D513) | E513: =IF(import!B513="","",import!B513) | F513: =IF(import!I513="","",import!I513) | G513: =IF(import!N513="","",import!N513) | H513: =IF(import!K513="","",import!K513) | K513: =IF(import!AA513="","",import!AA513) | O513: =IF(import!Y513="","",import!Y513)
... B605: =IF(import!A605="","",import!A605) | C605: =IF(import!E605="","",import!E605) | D605: =IF(import!D605="","",import!D605) | E605: =IF(import!B605="","",import!B605) | F605: =IF(import!I605="","",import!I605) | G605: =IF(import!N605="","",import!N605) | H605: =IF(import!K605="","",import!K605) | K605: =IF(import!AA605="","",import!AA605) | O605: =IF(import!Y605="","",import!Y605)

Sheet import
A1: order | B1: opendt | C1: type | D1: lots | E1: symbol | F1: openprice | G1: stoploss | H1: takeprofit | I1: closedt | J1: closeprice | K1: commission | L1: taxes | M1: swap | N1: profit | O1: account | P1: magicnumber | Q1: expirationdt | R1: comment | S1: closed | T1: demo | U1: pip | V1: x | W1: x | X1: x | Y1: action | Z1: net | AA1: pips | AB1: SLpips | AC1: TPpips | AD1: TimeStr | AE1: timesec | AF1: SLslip | AG1: TPadd | AH1: opentime | AI1: closetime | AJ1: expiration | AL1: IMORT SCRIPT: P4L ORDER HISTORY
A2: 1988267429 | B2: 2014.06.06 23:17:19 | C2: 0 | D2: 1 | E2: GBPJPY | F2: 172.342 | G2: 172.242 | H2: 172.377 | I2: 2014.06.06 23:51:06 | J2: 172.23 | K2: -6.05 | L2: 0 | M2: 0 | N2: -109.27 | O2: 65013881 | P2: 0 | Q2: 1970.01.01 00:00:00 | R2: [sl] | S2: 1 | T2: 1 | U2: 0.01 | Y2: Buy | Z2: -115.32 | AA2: -11.2 | AB2: -10 | AC2: 3.5 | AD2: 00:33:47 | AE2: 2027 | AF2: -1.2 | AG2: 0 | AH2: 1402096639 | AI2: 1402098666 | AJ2: 0
A3: 1988312023 | B3: 2014.06.09 12:17:22 | C3: 1 | D3: 1 | E3: GBPJPY | F3: 172.2 | G3: 172.133 | H3: 0 | I3: 2014.06.09 14:27:01 | J3: 172.133 | K3: -6.05 | L3: 0 | M3: 0 | N3: 65.39 | O3: 65013881 | P3: 0 | Q3: 1970.01.01 00:00:00 | R3: [sl] | S3: 1 | T3: 1 | U3: 0.01 | Y3: Sell | Z3: 59.34 | AA3: 6.7 | AB3: 6.7 | AC3: 0 | AD3: 02:09:39 | AE3: 7779 | AF3: 0 | AG3: 0 | AH3: 1402316242 | AI3: 1402324021 | AJ3: 0
A4: 1988419519 | B4: 2014.06.10 11:21:40 | C4: 1 | D4: 10 | E4: GBPJPY | F4: 171.701 | G4: 171.801 | H4: 0 | I4: 2014.06.10 11:30:00 | J4: 171.81 | K4: -60.43 | L4: 0 | M4: 0 | N4: -1065.42 | O4: 65013881 | P4: 0 | Q4: 1970.01.01 00:00:00 | R4: [sl] | S4: 1 | T4: 1 | U4: 0.01 | Y4: Sell | Z4: -1125.85 | AA4: -10.9 | AB4: -10 | AC4: 0 | AD4: 00:08:20 | AE4: 500 | AF4: -0.9 | AG4: 0 | AH4: 1402399300 | AI4: 1402399800 | AJ4: 0
A5: 1988419699 | B5: 2014.06.10 11:20:28 | C5: 1 | D5: 1 | E5: EURJPY | F5: 138.793 | G5: 138.743 | H5: 0 | I5: 2014.06.10 11:21:46 | J5: 138.744 | K5: -4.88 | L5: 0 | M5: 0 | N5: 47.9 | O5: 65013881 | P5: 0 | Q5: 1970.01.01 00:00:00 | R5: [sl] | S5: 1 | T5: 1 | U5: 0.01 | Y5: Sell | Z5: 43.02 | AA5: 4.9 | AB5: 5 | AC5: 0 | AD5: 00:01:18 | AE5: 78 | AF5: -0.1 | AG5: 0 | AH5: 1402399228 | AI5: 1402399306 | AJ5: 0
A6: 1988424234 | B6: 2014.06.10 11:47:51 | C6: 1 | D6: 10.4 | E6: EURAUD | F6: 1.44897 | G6: 1.44817 | H6: 0 | I6: 2014.06.10 12:48:07 | J6: 1.44817 | K6: -50.77 | L6: 0 | M6: 0 | N6: 778.86 | O6: 65013881 | P6: 0 | Q6: 1970.01.01 00:00:00 | R6: [sl] | S6: 1 | T6: 1 | U6: 0.0001 | Y6: Sell | Z6: 728.09 | AA6: 8 | AB6: 8 | AC6: 0 | AD6: 01:00:16 | AE6: 3616 | AF6: 0 | AG6: 0 | AH6: 1402400871 | AI6: 1402404487 | AJ6: 0
A7: 1988603855 | B7: 2014.06.11 10:05:12 | C7: 1 | D7: 10.14 | E7: EURJPY | F7: 138.497 | G7: 0 | H7: 0 | I7: 2014.06.11 12:03:47 | J7: 138.311 | K7: -49.41 | L7: 0 | M7: 0 | N7: 1844.79 | O7: 65013881 | P7: 0 | Q7: 1970.01.01 00:00:00 | S7: 1 | T7: 1 | U7: 0.01 | Y7: Sell | Z7: 1795.38 | AA7: 18.6 | AB7: 0 | AC7: 0 | AD7: 01:58:35 | AE7: 7115 | AF7: 0 | AG7: 0 | AH7: 1402481112 | AI7: 1402488227 | AJ7: 0
A8: 1988621191 | B8: 2014.06.11 12:08:44 | C8: 1 | D8: 10.5 | E8: EURJPY | F8: 138.201 | G8: 138.2 | H8: 0 | I8: 2014.06.11 12:13:24 | J8: 138.199 | K8: -51.16 | L8: 0 | M8: 0 | N8: 20.57 | O8: 65013881 | P8: 0 | Q8: 1970.01.01 00:00:00 | R8: [sl] | S8: 1 | T8: 1 | U8: 0.01 | Y8: Sell | Z8: -30.59 | AA8: 0.2 | AB8: 0.1 | AC8: 0 | AD8: 00:04:40 | AE8: 280 | AF8: 0 | AG8: 0 | AH8: 1402488524 | AI8: 1402488804 | AJ8: 0
A9: 1988622247 | B9: 2014.06.12 05:14:35 | C9: 0 | D9: 10.4 | E9: GBPJPY | F9: 171.501 | G9: 171.57 | H9: 0 | I9: 2014.06.12 09:52:27 | J9: 171.615 | K9: -62.89 | L9: 0 | M9: 0 | N9: 1161.64 | O9: 65013881 | P9: 0 | Q9: 1970.01.01 00:00:00 | S9: 1 | T9: 1 | U9: 0.01 | Y9: Buy | Z9: 1098.75 | AA9: 11.4 | AB9: 6.9 | AC9: 0 | AD9: 04:37:52 | AE9: 16672 | AF9: 0 | AG9: 0 | AH9: 1402550075 | AI9: 1402566747 | AJ9: 0
A10: 1988622270 | B10: 2014.06.11 12:19:34 | C10: 1 | D10: 10.4 | E10: GBPJPY | F10: 171.391 | G10: 171.391 | H10: 0 | I10: 2014.06.11 12:21:02 | J10: 171.391 | K10: -62.87 | L10: 0 | M10: 0 | N10: 0 | O10: 65013881 | P10: 0 | Q10: 1970.01.01 00:00:00 | R10: [sl] | S10: 1 | T10: 1 | U10: 0.01 | Y10: Sell | Z10: -62.87 | AA10: 0 | AB10: 0 | AC10: 0 | AD10: 00:01:28 | AE10: 88 | AF10: 0 | AG10: 0 | AH10: 1402489174 | AI10: 1402489262 | AJ10: 0
A11: 1988623124 | B11: 2014.06.11 12:24:27 | C11: 1 | D11: 10.4 | E11: GBPJPY | F11: 171.402 | G11: 171.361 | H11: 0 | I11: 2014.06.11 12:42:18 | J11: 171.363 | K11: -62.88 | L11: 0 | M11: 0 | N11: 397.39 | O11: 65013881 | P11: 0 | Q11: 1970.01.01 00:00:00 | R11: [sl] | S11: 1 | T11: 1 | U11: 0.01 | Y11: Sell | Z11: 334.51 | AA11: 3.9 | AB11: 4.1 | AC11: 0 | AD11: 00:17:51 | AE11: 1071 | AF11: -0.2 | AG11: 0 | AH11: 1402489467 | AI11: 1402490538 | AJ11: 0
A12: 1988650197 | B12: 2014.06.11 16:30:30 | C12: 1 | D12: 11.2 | E12: EURCAD | F12: 1.473 | G12: 1.47287 | H12: 0 | I12: 2014.06.11 16:35:56 | J12: 1.47287 | K12: -54.61 | L12: 0 | M12: 0 | N12: 133.91 | O12: 65013881 | P12: 0 | Q12: 1970.01.01 00:00:00 | R12: [sl] | S12: 1 | T12: 1 | U12: 0.0001 | Y12: Sell | Z12: 79.3 | AA12: 1.3 | AB12: 1.3 | AC12: 0 | AD12: 00:05:26 | AE12: 326 | AF12: 0 | AG12: 0 | AH12: 1402504230 | AI12: 1402504556 | AJ12: 0
A13: 1988730752 | B13: 2014.06.12 10:39:41 | C13: 1 | D13: 7 | E13: EURJPY | F13: 138.101 | G13: 0 | H13: 0 | I13: 2014.06.12 10:58:57 | J13: 138.153 | K13: -34.1 | L13: 0 | M13: 0 | N13: -356.58 | O13: 65013881 | P13: 0 | Q13: 1970.01.01 00:00:00 | S13: 1 | T13: 1 | U13: 0.01 | Y13: Sell | Z13: -390.68 | AA13: -5.2 | AB13: 0 | AC13: 0 | AD13: 00:19:16 | AE13: 1156 | AF13: 0 | AG13: 0 | AH13: 1402569581 | AI13: 1402570737 | AJ13: 0
A14: 1988730846 | B14: 2014.06.12 09:50:42 | C14: 0 | D14: 7 | E14: EURJPY | F14: 138.197 | G14: 138.197 | H14: 0 | I14: 2014.06.12 09:56:02 | J14: 138.272 | K14: -34.12 | L14: 0 | M14: 0 | N14: 514.31 | O14: 65013881 | P14: 0 | Q14: 1970.01.01 00:00:00 | S14: 1 | T14: 1 | U14: 0.01 | Y14: Buy | Z14: 480.19 | AA14: 7.5 | AB14: 0 | AC14: 0 | AD14: 00:05:20 | AE14: 320 | AF14: 0 | AG14: 0 | AH14: 1402566642 | AI14: 1402566962 | AJ14: 0
A15: 1988737641 | B15: 2014.06.12 10:35:57 | C15: 1 | D15: 11.32 | E15: EURAUD | F15: 1.43897 | G15: 0 | H15: 0 | I15: 2014.06.12 11:05:04 | J15: 1.43999 | K15: -55.15 | L15: 0 | M15: 0 | N15: -1084.98 | O15: 65013881 | P15: 0 | Q15: 1970.01.01 00:00:00 | S15: 1 | T15: 1 | U15: 0.0001 | Y15: Sell | Z15: -1140.13 | AA15: -10.2 | AB15: 0 | AC15: 0 | AD15: 00:29:07 | AE15: 1747 | AF15: 0 | AG15: 0 | AH15: 1402569357 | AI15: 1402571104 | AJ15: 0
A16: 1988738059 | B16: 2014.06.12 10:39:23 | C16: 1 | D16: 10.4 | E16: EURCAD | F16: 1.46997 | G16: 1.46931 | H16: 0 | I16: 2014.06.12 11:09:54 | J16: 1.469 | K16: -50.66 | L16: 0 | M16: 0 | N16: 928.88 | O16: 65013881 | P16: 0 | Q16: 1970.01.01 00:00:00 | S16: 1 | T16: 1 | U16: 0.0001 | Y16: Sell | Z16: 878.22 | AA16: 9.7 | AB16: 6.6 | AC16: 0 | AD16: 00:30:31 | AE16: 1831 | AF16: 0 | AG16: 0 | AH16: 1402569563 | AI16: 1402571394 | AJ16: 0
A17: 1988743176 | B17: 2014.06.12 12:30:49 | C17: 1 | D17: 11.32 | E17: EURAUD | F17: 1.439 | G17: 1.43834 | H17: 0 | I17: 2014.06.12 12:36:16 | J17: 1.43803 | K17: -55.12 | L17: 0 | M17: 0 | N17: 1032.11 | O17: 65013881 | P17: 0 | Q17: 1970.01.01 00:00:00 | S17: 1 | T17: 1 | U17: 0.0001 | Y17: Sell | Z17: 976.99 | AA17: 9.7 | AB17: 6.6 | AC17: 0 | AD17: 00:05:27 | AE17: 327 | AF17: 0 | AG17: 0 | AH17: 1402576249 | AI17: 1402576576 | AJ17: 0
A18: 1988760877 | B18: 2014.06.13 07:06:40 | C18: 0 | D18: 11 | E18: EURJPY | F18: 138.205 | G18: 138.414 | H18: 0 | I18: 2014.06.13 09:24:15 | J18: 138.454 | K18: -53.7 | L18: 0 | M18: 0 | N18: 2684.16 | O18: 65013881 | P18: 0 | Q18: 1970.01.01 00:00:00 | S18: 1 | T18: 1 | U18: 0.01 | Y18: Buy | Z18: 2630.46 | AA18: 24.9 | AB18: 20.9 | AC18: 0 | AD18: 02:17:35 | AE18: 8255 | AF18: 0 | AG18: 0 | AH18: 1402643200 | AI18: 1402651455 | AJ18: 0
A19: 1988768295 | B19: 2014.06.12 15:31:37 | C19: 0 | D19: 10.94 | E19: GBPJPY | F19: 171.801 | G19: 171.701 | H19: 171.901 | I19: 2014.06.12 15:34:03 | J19: 171.695 | K19: -66.32 | L19: 0 | M19: 0 | N19: -1137.01 | O19: 65013881 | P19: 789 | Q19: 1970.01.01 00:00:00 | R19: Utilitysoft | S19: 1 | T19: 1 | U19: 0.01 | Y19: Buy | Z19: -1203.33 | AA19: -10.6 | AB19: -10 | AC19: 10 | AD19: 00:02:26 | AE19: 146 | AF19: -0.6 | AG19: 0 | AH19: 1402587097 | AI19: 1402587243 | AJ19: 0
A20: 1988770866 | B20: 2014.06.12 15:44:50 | C20: 0 | D20: 7.13 | E20: EURJPY | F20: 138.1 | G20: 137.95 | H20: 138.2 | I20: 2014.06.12 15:45:53 | J20: 138.114 | K20: -34.74 | L20: 0 | M20: 0 | N20: 97.84 | O20: 65013881 | P20: 789 | Q20: 1970.01.01 00:00:00 | R20: Utilitysoft | S20: 1 | T20: 1 | U20: 0.01 | Y20: Buy | Z20: 63.1 | AA20: 1.4 | AB20: -15 | AC20: 10 | AD20: 00:01:03 | AE20: 63 | AF20: 0 | AG20: 0 | AH20: 1402587890 | AI20: 1402587953 | AJ20: 0
A21: 1988771444 | B21: 2014.06.12 15:48:17 | C21: 0 | D21: 11 | E21: EURJPY | F21: 138.12 | G21: 137.97 | H21: 0 | I21: 2014.06.12 15:59:34 | J21: 138.136 | K21: -53.6 | L21: 0 | M21: 0 | N21: 172.57 | O21: 65013881 | P21: 0 | Q21: 1970.01.01 00:00:00 | S21: 1 | T21: 1 | U21: 0.01 | Y21: Buy | Z21: 118.97 | AA21: 1.6 | AB21: -15 | AC21: 0 | AD21: 00:11:17 | AE21: 677 | AF21: 0 | AG21: 0 | AH21: 1402588097 | AI21: 1402588774 | AJ21: 0
A22: 1988774262 | B22: 2014.06.12 16:08:44 | C22: 0 | D22: 7.62 | E22: EURCAD | F22: 1.471 | G22: 1.47112 | H22: 1.472 | I22: 2014.06.12 16:22:58 | J22: 1.47107 | K22: -37.15 | L22: 0 | M22: 0 | N22: 49.1 | O22: 65013881 | P22: 789 | Q22: 1970.01.01 00:00:00 | R22: [sl]Utilitysoft | S22: 1 | T22: 1 | U22: 0.0001 | Y22: Buy | Z22: 11.95 | AA22: 0.7 | AB22: 1.2 | AC22: 10 | AD22: 00:14:14 | AE22: 854 | AF22: -0.5 | AG22: 0 | AH22: 1402589324 | AI22: 1402590178 | AJ22: 0
A23: 1988776015 | B23: 2014.06.12 16:24:28 | C23: 0 | D23: 5 | E23: EURCAD | F23: 1.47102 | G23: 1.46952 | H23: 0 | I23: 2014.06.12 16:33:25 | J23: 1.47001 | K23: -24.37 | L23: 0 | M23: 0 | N23: -464.95 | O23: 65013881 | P23: 0 | Q23: 1970.01.01 00:00:00 | S23: 1 | T23: 1 | U23: 0.0001 | Y23: Buy | Z23: -489.32 | AA23: -10.1 | AB23: -15 | AC23: 0 | AD23: 00:08:57 | AE23: 537 | AF23: 0 | AG23: 0 | AH23: 1402590268 | AI23: 1402590805 | AJ23: 0
A24: 1988780302 | B24: 2014.06.12 17:01:14 | C24: 1 | D24: 11.31 | E24: EURCAD | F24: 1.47003 | G24: 1.46966 | H24: 1.469 | I24: 2014.06.12 17:03:42 | J24: 1.46967 | K24: -55.14 | L24: 0 | M24: 0 | N24: 375.15 | O24: 65013881 | P24: 789 | Q24: 1970.01.01 00:00:00 | R24: [sl]Utilitysoft | S24: 1 | T24: 1 | U24: 0.0001 | Y24: Sell | Z24: 320.01 | AA24: 3.6 | AB24: 3.7 | AC24: 10.3 | AD24: 00:02:28 | AE24: 148 | AF24: -0.1 | AG24: 0 | AH24: 1402592474 | AI24: 1402592622 | AJ24: 0
A25: 1988903457 | B25: 2014.06.13 15:50:39 | C25: 0 | D25: 11.73 | E25: EURAUD | F25: 1.442 | G25: 1.441 | H25: 1.443 | I25: 2014.06.13 15:50:53 | J25: 1.44217 | K25: -57.17 | L25: 0 | M25: 0 | N25: 187.19 | O25: 65013881 | P25: 789 | Q25: 1970.01.01 00:00:00 | R25: Utilitysoft | S25: 1 | T25: 1 | U25: 0.0001 | Y25: Buy | Z25: 130.02 | AA25: 1.7 | AB25: -10 | AC25: 10 | AD25: 00:00:14 | AE25: 14 | AF25: 0 | AG25: 0 | AH25: 1402674639 | AI25: 1402674653 | AJ25: 0
A26: 1988903669 | B26: 2014.06.13 16:06:34 | C26: 0 | D26: 11.26 | E26: EURJPY | F26: 138.2 | G26: 138.239 | H26: 138.3 | I26: 2014.06.13 16:17:36 | J26: 138.3 | K26: -54.88 | L26: 0 | M26: 0 | N26: 1102.74 | O26: 65013881 | P26: 789 | Q26: 1970.01.01 00:00:00 | R26: [tp]Utilitysoft | S26: 1 | T26: 1 | U26: 0.01 | Y26: Buy | Z26: 1047.86 | AA26: 10 | AB26: 3.9 | AC26: 10 | AD26: 00:11:02 | AE26: 662 | AF26: 0 | AG26: 0 | AH26: 1402675594 | AI26: 1402676256 | AJ26: 0
A27: 1988913759 | B27: 2014.06.13 17:49:23 | C27: 1 | D27: 12.22 | E27: EURCAD | F27: 1.46995 | G27: 1.46985 | H27: 1.469 | I27: 2014.06.13 17:51:51 | J27: 1.46987 | K27: -59.52 | L27: 0 | M27: 0 | N27: 89.97 | O27: 65013881 | P27: 789 | Q27: 1970.01.01 00:00:00 | R27: [sl]Utilitysoft | S27: 1 | T27: 1 | U27: 0.0001 | Y27: Sell | Z27: 30.45 | AA27: 0.8 | AB27: 1 | AC27: 9.5 | AD27: 00:02:28 | AE27: 148 | AF27: -0.2 | AG27: 0 | AH27: 1402681763 | AI27: 1402681911 | AJ27: 0
A28: 1988921979 | B28: 2014.06.13 18:37:13 | C28: 1 | D28: 12.23 | E28: EURCAD | F28: 1.47 | G28: 1.46976 | H28: 1.469 | I28: 2014.06.13 18:59:49 | J28: 1.46976 | K28: -59.56 | L28: 0 | M28: 0 | N28: 270.06 | O28: 65013881 | P28: 789 | Q28: 1970.01.01 00:00:00 | R28: [sl]Utilitysoft | S28: 1 | T28: 1 | U28: 0.0001 | Y28: Sell | Z28: 210.5 | AA28: 2.4 | AB28: 2.4 | AC28: 10 | AD28: 00:22:36 | AE28: 1356 | AF28: 0 | AG28: 0 | AH28: 1402684633 | AI28: 1402685989 | AJ28: 0
A29: 1989009504 | B29: 2014.06.16 12:19:30 | C29: 1 | D29: 11.51 | E29: GBPJPY | F29: 172.898 | G29: 173 | H29: 172.8 | I29: 2014.06.16 12:33:20 | J29: 172.883 | K29: -70.29 | L29: 0 | M29: 0 | N29: 169.47 | O29: 65013881 | P29: 789 | Q29: 1970.01.01 00:00:00 | R29: Utilitysoft | S29: 1 | T29: 1 | U29: 0.01 | Y29: Sell | Z29: 99.18 | AA29: 1.5 | AB29: -10.2 | AC29: 9.8 | AD29: 00:13:50 | AE29: 830 | AF29: 0 | AG29: 0 | AH29: 1402921170 | AI29: 1402922000 | AJ29: 0
A30: 1989009922 | B30: 2014.06.16 11:42:45 | C30: 0 | D30: 12.28 | E30: EURCAD | F30: 1.47001 | G30: 1.47048 | H30: 1.471 | I30: 2014.06.16 12:04:19 | J30: 1.47046 | K30: -59.8 | L30: 0 | M30: 0 | N30: 508.43 | O30: 65013881 | P30: 789 | Q30: 1970.01.01 00:00:00 | R30: [sl]Utilitysoft | S30: 1 | T30: 1 | U30: 0.0001 | Y30: Buy | Z30: 448.63 | AA30: 4.5 | AB30: 4.7 | AC30: 9.9 | AD30: 00:21:34 | AE30: 1294 | AF30: -0.2 | AG30: 0 | AH30: 1402918965 | AI30: 1402920259 | AJ30: 0
A31: 1989013486 | B31: 2014.06.16 12:56:43 | C31: 0 | D31: 12.13 | E31: EURAUD | F31: 1.442 | G31: 1.441 | H31: 1.443 | I31: 2014.06.16 12:59:28 | J31: 1.44221 | K31: -59.08 | L31: 0 | M31: 0 | N31: 238.96 | O31: 65013881 | P31: 789 | Q31: 1970.01.01 00:00:00 | R31: Utilitysoft | S31: 1 | T31: 1 | U31: 0.0001 | Y31: Buy | Z31: 179.88 | AA31: 2.1 | AB31: -10 | AC31: 10 | AD31: 00:02:45 | AE31: 165 | AF31: 0 | AG31: 0 | AH31: 1402923403 | AI31: 1402923568 | AJ31: 0
A32: 1989018302 | B32: 2014.06.16 13:11:58 | C32: 1 | D32: 11.66 | E32: GBPJPY | F32: 172.9 | G32: 173 | H32: 172.8 | I32: 2014.06.16 13:25:29 | J32: 172.879 | K32: -71.23 | L32: 0 | M32: 0 | N32: 240.27 | O32: 65013881 | P32: 789 | Q32: 1970.01.01 00:00:00 | R32: Utilitysoft | S32: 1 | T32: 1 | U32: 0.01 | Y32: Sell | Z32: 169.04 | AA32: 2.1 | AB32: -10 | AC32: 10 | AD32: 00:13:31 | AE32: 811 | AF32: 0 | AG32: 0 | AH32: 1402924318 | AI32: 1402925129 | AJ32: 0
A33: 1989020950 | B33: 2014.06.16 13:46:00 | C33: 0 | D33: 12.23 | E33: EURAUD | F33: 1.443 | G33: 1.442 | H33: 1.444 | I33: 2014.06.16 13:46:56 | J33: 1.44314 | K33: -59.62 | L33: 0 | M33: 0 | N33: 160.67 | O33: 65013881 | P33: 789 | Q33: 1970.01.01 00:00:00 | R33: Utilitysoft | S33: 1 | T33: 1 | U33: 0.0001 | Y33: Buy | Z33: 101.05 | AA33: 1.4 | AB33: -10 | AC33: 10 | AD33: 00:00:56 | AE33: 56 | AF33: 0 | AG33: 0 | AH33: 1402926360 | AI33: 1402926416 | AJ33: 0
A34: 1989023314 | B34: 2014.06.16 14:19:18 | C34: 1 | D34: 5.85 | E34: EURJPY | F34: 137.9 | G34: 137.895 | H34: 137.85 | I34: 2014.06.16 14:43:37 | J34: 137.849 | K34: -28.52 | L34: 0 | M34: 0 | N34: 293 | O34: 65013881 | P34: 789 | Q34: 1970.01.01 00:00:00 | R34: [tp]Utilitysoft | S34: 1 | T34: 1 | U34: 0.01 | Y34: Sell | Z34: 264.48 | AA34: 5.1 | AB34: 0.5 | AC34: 5 | AD34: 00:24:19 | AE34: 1459 | AF34: 0 | AG34: 0.1 | AH34: 1402928358 | AI34: 1402929817 | AJ34: 0
A35: 1989116313 | B35: 2014.06.17 10:05:57 | C35: 0 | D35: 11.77 | E35: GBPJPY | F35: 173.1 | G35: 173 | H35: 173.2 | I35: 2014.06.17 10:09:58 | J35: 173.122 | K35: -71.95 | L35: 0 | M35: 0 | N35: 253.98 | O35: 65013881 | P35: 789 | Q35: 1970.01.01 00:00:00 | R35: Utilitysoft | S35: 1 | T35: 1 | U35: 0.01 | Y35: Buy | Z35: 182.03 | AA35: 2.2 | AB35: -10 | AC35: 10 | AD35: 00:04:01 | AE35: 241 | AF35: 0 | AG35: 0 | AH35: 1402999557 | AI35: 1402999798 | AJ35: 0
... A55: 1989416311 | B55: 2014.06.19 17:18:20 | C55: 0 | D55: 11.67 | E55: GBPJPY | F55: 173.6 | G55: 173.609 | H55: 173.65 | I55: 2014.06.19 17:36:39 | J55: 173.65 | K55: -71.61 | L55: 0 | M55: 0 | N55: 572.73 | O55: 65013881 | P55: 789 | Q55: 1970.01.01 00:00:00 | R55: [tp]Utilitysoft | S55: 1 | T55: 1 | U55: 0.01 | Y55: Buy | Z55: 501.12 | AA55: 5 | AB55: 0.9 | AC55: 5 | AD55: 00:18:19 | AE55: 1099 | AF55: 0 | AG55: 0 | AH55: 1403198300 | AI55: 1403199399 | AJ55: 0
A56: 1989511161 | B56: 2014.06.20 15:18:06 | C56: 0 | D56: 11.96 | E56: GBPJPY | F56: 173.905 | G56: 0 | H56: 0 | I56: 2014.06.20 15:21:19 | J56: 173.806 | K56: -73.37 | L56: 0 | M56: 0 | N56: -1160.38 | O56: 65013881 | P56: 0 | Q56: 1970.01.01 00:00:00 | S56: 1 | T56: 1 | U56: 0.01 | Y56: Buy | Z56: -1233.75 | AA56: -9.9 | AB56: 0 | AC56: 0 | AD56: 00:03:13 | AE56: 193 | AF56: 0 | AG56: 0 | AH56: 1403277486 | AI56: 1403277679 | AJ56: 0
A57: 1989513920 | B57: 2014.06.20 15:35:00 | C57: 1 | D57: 12.04 | E57: EURAUD | F57: 1.445 | G57: 1.446 | H57: 1.4445 | I57: 2014.06.20 16:31:48 | J57: 1.446 | K57: -58.84 | L57: 0 | M57: 0 | N57: -1130.4 | O57: 65013881 | P57: 789 | Q57: 1970.01.01 00:00:00 | R57: [sl]Utilitysoft | S57: 1 | T57: 1 | U57: 0.0001 | Y57: Sell | Z57: -1189.24 | AA57: -10 | AB57: -10 | AC57: 5 | AD57: 00:56:48 | AE57: 3408 | AF57: 0 | AG57: 0 | AH57: 1403278500 | AI57: 1403281908 | AJ57: 0
A58: 1989525625 | B58: 2014.06.20 18:15:48 | C58: 0 | D58: 11.8 | E58: EURAUD | F58: 1.448 | G58: 1.447 | H58: 1.4485 | I58: 2014.06.20 19:56:02 | J58: 1.44699 | K58: -57.69 | L58: 0 | M58: 0 | N58: -1118.78 | O58: 65013881 | P58: 789 | Q58: 1970.01.01 00:00:00 | R58: [sl]Utilitysoft | S58: 1 | T58: 1 | U58: 0.0001 | Y58: Buy | Z58: -1176.47 | AA58: -10.1 | AB58: -10 | AC58: 5 | AD58: 01:40:14 | AE58: 6014 | AF58: -0.1 | AG58: 0 | AH58: 1403288148 | AI58: 1403294162 | AJ58: 0
A59: 1989533820 | B59: 2014.06.20 18:36:00 | C59: 0 | D59: 11.31 | E59: EURJPY | F59: 138.802 | G59: 138.813 | H59: 138.85 | I59: 2014.06.20 21:10:06 | J59: 138.85 | K59: -55.31 | L59: 0 | M59: 0 | N59: 531.56 | O59: 65013881 | P59: 789 | Q59: 1970.01.01 00:00:00 | R59: [tp]Utilitysoft | S59: 1 | T59: 1 | U59: 0.01 | Y59: Buy | Z59: 476.25 | AA59: 4.8 | AB59: 1.1 | AC59: 4.8 | AD59: 02:34:06 | AE59: 9246 | AF59: 0 | AG59: 0 | AH59: 1403289360 | AI59: 1403298606 | AJ59: 0

Sheet Reporting

Sheet Trade Plan
B1: TRADING RULES
B2: 1. D1 & H1 candle colour MUST be both red or both green
B3: 2. Entries at 00 levels ie 138.500, 127.30
B4: 3. Frankfurt open only .400/.500/.600 levels best to avoid Mondays
B5: 4. London open all 00 levels, highest probability time frame
B6: 5. Distance to Big Round Numbers > 10 pips (see 6)
B7: 6. No long @ .900 level. No short @ .100 level
B8: 7. No trading 1 hour before RED NEWS on the pair
B9: 8. No trading for 30 minutes after RED NEWS on the pair
B10: 9. After 4 losses stop trading for the day
B11: 10. Higher probability at market opens (new money into the market)
B12: 11. Check Average Daily Range
... B23: 22. Belief, Consistency, Confidence
